Workbook
Name DEPARTEMENT: OFFSET(LISTES!XFA1048574,1,MATCH(FORMULAIRE!A1048576,Regions,0),COUNTA(OFFSET(LISTES!XFA1048574,1,MATCH(FORMULAIRE!A1048576,Regions,0),50,1)),1)
Name Regions: LISTES!$A$1:$A$14

Sheet FORMULAIRE
C1: Rapport d'Activité Standardisé Annuel 2022 Données 2021 - Appartements de coordination thérapeutique -
C3: REGION :
C4: DEPARTEMENT :
C5: ANNEE : | E5: 2021
C7: Le rapport d'activité ci-dessous doit décrire la structure, caractériser la population accueillie et permettre la lisibilité de l'activité. Il doit décrire les activités obligatoires de l'ACT (coordination médico-psycho-sociale définie par la circulaire du 30/10/2002) ainsi que les missions facultatives (accompagnement après la sortie, prise en charge de publics spécifiques-personnes sortant de prison, accompagnants...)
C8: o Les cases sur fond coloré sont à remplir ; o Pour sauter une ligne dans l'espace commentaire faire ALT + ENTREE; o Vérifier de la cohérence des totaux notamment pour les files actives ; o S’assurer que le nombre d’hommes ou de femmes n’est pas supérieur à celui de la file active ; o Si il n'y a pas assez de place, ou si il y à plus de catégories "autres" les mettre en commentaire de la partie concernée.
C9: I. LA STRUCTURE
C10: 1- Identification de la structure
C12: Nom de l'ACT
C13: Personne à contacter
C15: N° FINESS de l'ACT :
C16: Code NAF :
C17: Code SIREN :
C19: Adresse :
C20: Code postal :
C21: Commune :
... C43: 3- Autres établissements et services gérés par la structure gestionnaire
E45: Oui / Non | F45: Précisez
C46: Etablissement ou service médico-social du secteur "Personnes confrontées à des difficultés spécifiques" : | D46: LHSS, LAM, ACT, ACT "un chez soi d'abord" ....
D47: CSAPA, CAARUD
C48: Etablissement ou service médico-social : | D48: secteur personnes âgées (EHPAD, maison de retraite …)
D49: secteur personnes handicapées (MAS, FAM, SAVS, SAMSAH, SSIAD, IME ….)
C50: Etablissement ou service social (accueil de jour, CHRS, CPH, CADA, maison relais,résidence sociale, …)
C51: Etablissement sanitaire (dont : HAD ...)
C52: Service de prévention et d'accueil (point écoute jeunes, maraude, maison des parents, ...
C53: SIAO, 115
C54: Service d'accompagnement social au logement , à l'insertion professionnelle
C55: Autre structure et ou dispositif :
C59: 4- Frais de siège (article R314-87 CASF)
C61: Frais de siège :
C62: Si oui, précisez la date d'autorisation : | F62: =IF(AND(E61="Oui",E62=""),"Veuillez renseigner la date d'autorisation …","")
C64: Article R314-87 CASF : "Les budgets approuvés des établissements ou services (sociaux et médico-sociaux) peuvent comporter une quote-part de dépenses relatives aux frais de siège social de l'organisme gestionnaire. Cette faculté est suborndonnée à l'octroi d'une autorisation, délivrée à l'organisme gestionnaire par l'autorité désignée (...), qui fixe la nature des prestations, matérielles ou intellectuelles, qui ont vocation à être prises en compte".
C66: 5- Données relatives à l'autorisation
C68: Numéro d'autorisation
C69: Date de délivrance de l'autorisation (exemple : 01/01/2017)
C70: Date de fin de l'autorisation (exemple : 01/01/2017)
C72: 6- Evaluation
C74: Échéance pour la mise en œuvre de l'obligation d'évaluation interne
C75: Échéance pour la mise en œuvre de l'obligation d'évaluation externe
C77: 7- Projet d'établissement
C79: Date d'entrée en vigueur (exemple : 01/01/2017)
C80: Date d'échéance (exemple : 01/01/2017)
E81: Oui / Non
C82: Existe-t-il des critères d'admission formalisés dans le projet d'établissement ?
D83: =IF(E82="Non","Préciser les critères d'admission non formalisés","Préciser lesquels") -> Préciser lesquels
C85: 8- Partenariats / Conventions
D87: Oui / Non | E87: Dont partenariats formalisés (préciser le nombre) | F87: Préciser le nom des établissements, services, dispositifs avec lesquels la convention de partenariat est signée | H87: Préciser l'objet de la convention
C88: avec des structures du secteur médico-social spécialisées en addictologie (CSAPA, CAARUD,..)
C89: avec d'autres structures médico-sociales "personnes confrontées à des difficultés spécifiques (ACT, LHSS, LAM ...)
C90: avec des structures médico-sociales du secteur personnes âgées ou personnes handicapées (MAS, FAM, SAVS, SAMSAH, SSIAD, EHPAD…)
C91: avec des structures/services sanitaires(hôpitaux, SSR, établissement psychiatrique, CDAG, UCSA, etc.)
C92: avec des établissements ou services sociaux (CHRS, maisons relais, etc.)
C93: avec l'administration pénitentiaire (Service pénitentiaire d'insertion et de probation-SPIP)
C94: avec des associations caritatives (Banque alimentaire, Restaurant du cœur, secours populaire …)
C95: avec des bailleurs (bailleurs sociaux, HLM …)
C96: Autres, precisez
C100: TOTAL (Hors non renseigné) | E100: =SUM(E88:E95,E97:E99) -> 0
C102: Commentaires
C105: II. MOYENS FINANCIERS DE LA STRUCTURE
C106: A partir du compte administratif :
C107: Recettes :
C108: GI : Produits de la tarification
C109: GII : Autres produits relatifs à l'exploitation
C110: GIII : Produits financiers et produits non encaissables
D111: Total : | E111: =SUM(E108:F110) -> 0
C113: Préciser :
C114: Montant total de la participation des résidents :
C115: Montant mensuel de la participation des résidents
C117: Charges :
C118: GI : Dépenses liées à l'exploitation courante
C119: GII : Dépenses liées au personnel
C120: GIII : Dépenses liées à la structure
D121: Total : | E121: =SUM(E118:F120) -> 0
C123: Montant de l'aide financière attribuée aux résidents
C124: Montant de l'aide en nature attribuée aux résidents
C126: Commentaires :
C129: III. L'EQUIPE
C131: Convention collective :
C133: en nombre d'Equivalent temps plein travaillé-ETPT ETPT : un temps plein correspond à 35 heures par semaine (ex : un mi-temps est compté 0,5 ETPT) Les ETP inscrits doivent correspondrent aux ETP prévus dans le budget prévisionnel ou autorisés (c'est à dire à l'équipe "idéale" sans tenir compte des départs, des remplacements, des difficultés de recrutements ...). | E133: Salariés de la structure (en ETPT) | F133: Mis à disposition par d'autres structures (en ETPT) | G133: Total
C134: Personnel médical | D134: Médecin | G134: =SUM(E134:F134) -> 0
D135: Médecin psychiatre | G135: =SUM(E135:F135) -> 0
C136: Personnel paramédical | D136: Infirmier | G136: =SUM(E136:F136) -> 0
D137: Psychologue | G137: =SUM(E137:F137) -> 0
D138: Autre personnel paramédical (kiné, diététicien, art thérapeuthe …) | G138: =SUM(E138:F138) -> 0
D139: Aide soignant, aide médico-psychologique, Auxilliaire de soin | G139: =SUM(E139:F139) -> 0
C140: Personnel relevant du social | D140: Educateur spécialisé/ Educateur de jeunes enfants/Moniteur éducateur / Autre personnel éducatif ou socio-éducatif | G140: =SUM(E140:F140) -> 0
D141: Animateur / Moniteur/ Professeur d'activité sportive adaptée | G141: =SUM(E141:F141) -> 0
D142: Assistant social | G142: =SUM(E142:F142) -> 0
D143: Technicien(ne) de l'intervention sociale et familiale | G143: =SUM(E143:F143) -> 0
D144: Conseiller emploi / insertion | G144: =SUM(E144:F144) -> 0
D145: Conseiller en économie sociale et familiale | G145: =SUM(E145:F145) -> 0
D146: Chargé de mission logement | G146: =SUM(E146:F146) -> 0
C147: Personnel de service à la personne | D147: Maitresse de maison, aide à domicile, auxiliaire de vie, … | G147: =SUM(E147:F147) -> 0
C148: Personnel administratif et financier | D148: Directeur / Chef de service | G148: =SUM(E148:F148) -> 0
D149: Assistant de direction, secrétariat et personnel administratif | G149: =SUM(E149:F149) -> 0
C150: Personnel logistique (entretien…) | G150: =SUM(E150:F150) -> 0
D151: Autres, precisez
G152: =SUM(E152:F152) -> 0
G153: =SUM(E153:F153) -> 0
G154: =SUM(E154:F154) -> 0
...

Sheet LISTES
A1: Auvergne-Rhône-Alpes | B1: Auvergne-Rhône-Alpes | C1: Bourgogne-Franche-Comté | D1: Bretagne | E1: Centre-Val de Loire | F1: Corse | G1: Grand Est | H1: Hauts-de-France | I1: Île-de-France | J1: Normandie | K1: Nouvelle-Aquitaine | L1: Occitanie | M1: Pays de la Loire | N1: Provence-Alpes-Côte d'Azur | O1: Outre-mer
A2: Bourgogne-Franche-Comté | B2: Ain | C2: Côte-d'Or | D2: Côtes-d'Armor | E2: Cher | F2: Corse-du-Sud | G2: Ardennes | H2: Aisne | I2: Paris | J2: Calvados | K2: Charente | L2: Ariège | M2: Loire-Atlantique | N2: Alpes-de-Haute-Provence | O2: Guadeloupe
A3: Bretagne | B3: Allier | C3: Doubs | D3: Finistère | E3: Eure-et-Loir | F3: Haute-Corse | G3: Aube | H3: Nord | I3: Seine-et-Marne | J3: Eure | K3: Charente-Maritime | L3: Aude | M3: Maine-et-Loire | N3: Hautes-Alpes | O3: Martinique
A4: Centre-Val de Loire | B4: Ardèche | C4: Jura | D4: Ille-et-Vilaine | E4: Indre | G4: Marne | H4: Oise | I4: Yvelines | J4: Manche | K4: Corrèze | L4: Aveyron | M4: Mayenne | N4: Alpes-Maritimes | O4: Guyane
A5: Corse | B5: Cantal | C5: Nièvre | D5: Morbihan | E5: Indre-et-Loire | G5: Haute-Marne | H5: Pas-de-Calais | I5: Essonne | J5: Orne | K5: Creuse | L5: Gard | M5: Sarthe | N5: Bouches-du-Rhône | O5: La Réunion
A6: Grand Est | B6: Drôme | C6: Haute-Saône | E6: Loir-et-Cher | G6: Meurthe-et-Moselle | H6: Somme | I6: Hauts-de-Seine | J6: Seine-Maritime | K6: Dordogne | L6: Haute-Garonne | M6: Vendée | N6: Var | O6: Mayotte
A7: Hauts-de-France | B7: Isère | C7: Saône-et-Loire | E7: Loiret | G7: Meuse | I7: Seine-Saint-Denis | K7: Gironde | L7: Gers | N7: Vaucluse
A8: Île-de-France | B8: Loire | C8: Yonne | G8: Moselle | I8: Val-de-Marne | K8: Landes | L8: Hérault
A9: Normandie | B9: Haute-Loire | C9: Territoire de Belfort | G9: Bas-Rhin | I9: Val-d'Oise | K9: Lot-et-Garonne | L9: Lot
A10: Nouvelle-Aquitaine | B10: Puy-de-Dôme | G10: Haut-Rhin | K10: Pyrénées-Atlantiques | L10: Lozère
A11: Occitanie | B11: Rhône | G11: Vosges | K11: Deux-Sèvres | L11: Hautes-Pyrénées
A12: Pays de la Loire | B12: Savoie | K12: Vienne | L12: Pyrénées-Orientales
A13: Provence-Alpes-Côte d'Azur | B13: Haute-Savoie | K13: Haute-Vienne | L13: Tarn
A14: Outre-mer | L14: Tarn-et-Garonne

Sheet REPONSES
A1: 0 | B1: 0 | C1: 0 | D1: I.1. | E1: I.1. | F1: I.1. | G1: I.1. | H1: I.1. | I1: I.1. | J1: I.1. | K1: I.1. | L1: I.1. | M1: I.1. | N1: I.1. | O1: I.2. | P1: I.2. | Q1: I.2. | R1: I.2. | S1: I.2. | T1: I.2. | U1: I.2. | V1: I.2. | W1: I.2. | X1: I.3. | Y1: I.3. | Z1: I.3. | AA1: I.3. | AB1: I.3. | AC1: I.3. | AD1: I.3. | AE1: I.3. | AF1: I.3. | AG1: I.3. | AH1: I.3. | AI1: I.3. | AJ1: I.3. | AK1: I.3. | AL1: I.3. | AM1: I.3. | AN1: I.3. | AO1: I.3. | AP1: I.3. | AQ1: I.3. | AR1: I.3. | AS1: I.3. | AT1: I.3. | AU1: I.3. | AV1: I.4. | AW1: I.4. | AX1: I.5. | AY1: I.5. | AZ1: I.5. | BA1: I.6. | BB1: I.6. | BC1: I.7. | BD1: I.7. | BE1: I.7. | BF1: I.7. | BG1: I.8. | BH1: I.8. | BI1: I.8. | BJ1: I.8. | BK1: I.8. | BL1: I.8. | BM1: I.8. | BN1: I.8. | BO1: I.8. | BP1: I.8. | BQ1: I.8. | BR1: I.8. | BS1: I.8. | BT1: I.8. | BU1: I.8. | BV1: I.8. | BW1: I.8. | BX1: I.8. | BY1: I.8. | BZ1: I.8. | CA1: I.8. | CB1: I.8. | CC1: I.8. | CD1: I.8. | CE1: I.8. | CF1: I.8. | CG1: I.8. | CH1: I.8. | CI1: I.8. | CJ1: I.8. | CK1: I.8. | CL1: I.8. | CM1: I.8. | CN1: I.8. | CO1: I.8. | CP1: I.8. | CQ1: I.8. | CR1: I.8. | CS1: I.8. | CT1: I.8. | CU1: I.8. | CV1: I.8. | CW1: I.8. | CX1: I.8. | CY1: I.8. | CZ1: I.8. | DA1: I.8. | DB1: I.8. | DC1: I. | DD1: II. | DE1: II. | DF1: II. | DG1: II. | DH1: II. | DI1: II. | DJ1: II. | DK1: II. | DL1: II. | DM1: II. | DN1: II. | DO1: II. | DP1: II. | DQ1: III. | DR1: III. | DS1: III. | DT1: III. | DU1: III. | DV1: III. | DW1: III. | DX1: III. | DY1: III. | DZ1: III. | EA1: III. | EB1: III. | EC1: III. | ED1: III. | EE1: III. | EF1: III. | EG1: III. | EH1: III. | EI1: III. | EJ1: III. | EK1: III. | EL1: III. | EM1: III. | EN1: III. | EO1: III. | EP1: III. | EQ1: III. | ER1: III. | ES1: III. | ET1: III. | EU1: III. | EV1: III. | EW1: III. | EX1: III. | EY1: III. | EZ1: III. | FA1: III. | FB1: III. | FC1: III. | FD1: III. | FE1: III. | FF1: III. | FG1: III. | FH1: III. | FI1: III. | FJ1: III. | FK1: III. | FL1: III. | FM1: III. | FN1: III. | FO1: III. | FP1: III. | FQ1: III. | FR1: III. | FS1: III. | FT1: III. | FU1: III. | FV1: III. | FW1: III. | FX1: III. | FY1: III. | FZ1: III. | GA1: III. | GB1: III. | GC1: III. | GD1: III. | GE1: III. | GF1: III. | GG1: III. | GH1: III. | GI1: III. | GJ1: III. | GK1: III. | GL1: III. | GM1: III. | GN1: III. | GO1: III. | GP1: III. | GQ1: III. | GR1: III. | GS1: III. | GT1: III. | GU1: IV. | GV1: IV. | GW1: IV. | GX1: IV. | GY1: IV. | GZ1: IV. | HA1: IV. | HB1: IV. | HC1: IV. | HD1: IV. | HE1: IV. | HF1: IV. | HG1: IV. | HH1: IV. | HI1: IV. | HJ1: IV. | HK1: IV. | HL1: IV. | HM1: IV. | HN1: IV. | HO1: IV. | HP1: IV. | HQ1: IV. | HR1: IV. | HS1: IV. | HT1: IV. | HU1: V.1. | HV1: V.1. | HW1: V.1. | HX1: V.2. | HY1: V.2. | HZ1: V.2. | IA1: V.2. | IB1: V.2. | IC1: V.2. | ID1: V.2. | IE1: V.2. | IF1: V.3. | IG1: V.3. | IH1: V.3. | II1: V.3. | IJ1: V.3. | IK1: V.3. | IL1: V.3. | IM1: V.3. | IN1: V.3. | IO1: V.3. | IP1: V.3. | IQ1: V.3. | IR1: V.3. | IS1: V.3. | IT1: V.3. | IU1: V.3. | IV1: V.3. | IW1: V.3. | IX1: V.3. | IY1: V.3. | IZ1: V.3. | JA1: V.3. | JB1: V.3. | JC1: V.3. | JD1: V.4. | JE1: V.4. | JF1: V.4. | JG1: V.4. | JH1: V.4. | JI1: V.4. | JJ1: V.4. | JK1: V.4. | JL1: V.4. | JM1: V.4. | JN1: V.4. | JO1: V.4. | JP1: V.4. | JQ1: V.4. | JR1: V.4. | JS1: V.4. | JT1: V.4. | JU1: V.4. | JV1: V.4. | JW1: V.4. | JX1: V.4. | JY1: V.4. | JZ1: V.4. | KA1: V.4. | KB1: V.4. | KC1: V.4. | KD1: V.4. | KE1: V.4. | KF1: V.4. | KG1: V.4. | KH1: V.4. | KI1: V.4. | KJ1: V.5. | KK1: V.5. | KL1: V.5. | KM1: V.5. | KN1: V.5. | KO1: V.5. | KP1: V.5. | KQ1: V.5. | KR1: V.5. | KS1: V.5. | KT1: V.5. | KU1: V.5. | KV1: V.5. | KW1: V.5. | KX1: V.5. | KY1: V.5. | KZ1: V.5. | LA1: V.5. | LB1: V.5. | LC1: V.5. | LD1: V.5. | LE1: V.5. | LF1: V.5. | LG1: V.5. | LH1: V.5. | LI1: V.5. | LJ1: V.5. | LK1: V.5. | LL1: V.5. | LM1: V.5. | LN1: V.5. | LO1: V.5. | LP1: V.5. | LQ1: V.5. | LR1: V.5. | LS1: V.5. | LT1: V.6. | LU1: V.6. | LV1: V.6. | LW1: V.6. | LX1: V.6. | LY1: V.6. | LZ1: V.6. | MA1: V.6. | MB1: V.6. | MC1: V.6. | MD1: V.6. | ME1: V.6. | MF1: V.6. | MG1: V.6. | MH1: V.6. | MI1: V.6. | MJ1: V.6. | MK1: V.6. | ML1: V.6. | MM1: V.6. | MN1: V.6. | MO1: V.6. | MP1: V.6. | MQ1: V.6. | MR1: V.6. | MS1: V.6. | MT1: V.6. | MU1: V.6. | MV1: V.6. | MW1: V.6. | MX1: V.6. | MY1: V.6. | MZ1: V.6. | NA1: V.6. | NB1: V.6. | NC1: V.6. | ND1: VI.1. | NE1: VI.2. | NF1: VI.2. | NG1: VI.2. | NH1: VI.2. | NI1: VI.2. | NJ1: VI.2. | NK1: VI.2. | NL1: VI.2. | NM1: VI.2. | NN1: VI.2. | NO1: VI.2. | NP1: VI.2. | NQ1: VI.2. | NR1: VI.2. | NS1: VI.2. | NT1: VI.2. | NU1: VI.2. | NV1: VI.2. | NW1: VI.2. | NX1: VI.2. | NY1: VI.2. | NZ1: VI.2. | OA1: VI.2. | OB1: VI.2. | OC1: VI.2. | OD1: VI.2. | OE1: VI.2. | OF1: VI.2. | OG1: VI.2. | OH1: VI.2. | OI1: VI.2. | OJ1: VI.2. | OK1: VI.3. | OL1: VI.3. | OM1: VI.3. | ON1: VI.3. | OO1: VI.3. | OP1: VI.3. | OQ1: VI.4. | OR1: VI.4. | OS1: VI.4. | OT1: VI.4. | OU1: VI.4. | OV1: VI.4. | OW1: VI.4. | OX1: VI.4. | OY1: VI.4. | OZ1: VI.4. | PA1: VI.4. | PB1: VI.4. | PC1: VI.4. | PD1: VI.4. | PE1: VI.4. | PF1: VI.4. | PG1: VI.4. | PH1: VI.4. | PI1: VI.4. | PJ1: VI.5. | PK1: VI.6. | PL1: VI.6. | PM1: VII.1. | PN1: VII.1. | PO1: VII.1. | PP1: VII.1. | PQ1: VII.1. | PR1: VII.1. | PS1: VII.1. | PT1: VII.1. | PU1: VII.1. | PV1: VII.1. | PW1: VII.1. | PX1: VII.1. | PY1: VII.1. | PZ1: VII.1. | QA1: VII.1. | QB1: VII.1. | QC1: VII.1. | QD1: VII.1. | QE1: VII.1. | QF1: VII.1. | QG1: VII.1. | QH1: VII.1. | QI1: VII.1. | QJ1: VII.1. | QK1: VII.1. | QL1: VII.1. | QM1: VII.1. | QN1: VII.1. | QO1: VII.1. | QP1: VII.1. | QQ1: VII.1. | QR1: VII.1. | QS1: VII.1. | QT1: VII.1. | QU1: VII.1. | QV1: VII.1. | QW1: VII.1. | QX1: VII.1. | QY1: VII.1. | QZ1: VII.1. | RA1: VII.1. | RB1: VII.1. | RC1: VII.1. | RD1: VII.1. | RE1: VII.1. | RF1: VII.1. | RG1: VII.1. | RH1: VII.1. | RI1: VII.1. | RJ1: VII.1. | RK1: VII.1. | RL1: VII.1. | RM1: VII.1. | RN1: VII.1. | RO1: VII.1. | RP1: VII.1. | RQ1: VII.1. | RR1: VII.1. | RS1: VII.1. | RT1: VII.1. | RU1: VII.1. | RV1: VII.1. | RW1: VII.1. | RX1: VII.1. | RY1: VII.1. | RZ1: VII.1. | SA1: VII.1. | SB1: VII.1. | SC1: VII.1. | SD1: VII.1. | SE1: VII.1. | SF1: VII.1. | SG1: VII.1. | SH1: VII.1. | SI1: VII.1. | SJ1: VII.1. | SK1: VII.1. | SL1: VII.1. | SM1: VII.1. | SN1: VII.1. | SO1: VII.1. | SP1: VII.1. | SQ1: VII.1. | SR1: VII.1. | SS1: VII.1. | ST1: VII.1. | SU1: VII.1. | SV1: VII.1. | SW1: VII.1. | SX1: VII.1. | SY1: VII.1. | SZ1: VII.1. | TA1: VII.1. | TB1: VII.1. | TC1: VII.1. | TD1: VII.1. | TE1: VII.1. | TF1: VII.1. | TG1: VII.1. | TH1: VII.1. | TI1: VII.1. | TJ1: VII.1. | TK1: VII.1. | TL1: VII.1. | TM1: VII.1. | TN1: VII.1. | TO1: VII.1. | TP1: VII.1. | TQ1: VII.1. | TR1: VII.1. | TS1: VII.1. | TT1: VII.1. | TU1: VII.1. | TV1: VII.1. | TW1: VII.1. | TX1: VII.1. | TY1: VII.1. | TZ1: VII.1. | UA1: VII.1. | UB1: VII.1. | UC1: VII.1. | UD1: VII.1. | UE1: VII.1. | UF1: VII.1. | UG1: VII.1. | UH1: VII.1. | UI1: VII.1. | UJ1: VII.1. | UK1: VII.1. | UL1: VII.1. | UM1: VII.1. | UN1: VII.1. | UO1: VII.1. | UP1: VII.1. | UQ1: VII.1. | UR1: VII.1. | US1: VII.1. | UT1: VII.1. | UU1: VII.1. | UV1: VII.1. | UW1: VII.1. | UX1: VII.1. | UY1: VII.1. | UZ1: VII.1. | VA1: VII.1. | VB1: VII.1. | VC1: VII.1. | VD1: VII.2. | VE1: VII.2. | VF1: VII.2. | VG1: VII.2. | VH1: VII.2. | VI1: VII.2. | VJ1: VII.2. | VK1: VII.2. | VL1: VII.2. | VM1: VII.2. | VN1: VII.2. | VO1: VII.2. | VP1: VII.2. | VQ1: VII.2. | VR1: VII.2. | VS1: VII.2. | VT1: VII.2. | VU1: VII.2. | VV1: VII.2. | VW1: VII.2. | VX1: VII.2. | VY1: VII.2. | VZ1: VII.2. | WA1: VII.3. | WB1: VII.3. | WC1: VII.3. | WD1: VII.3. | WE1: VII.3. | WF1: VII.3. | WG1: VII.3. | WH1: VII.3. | WI1: VII.3. | WJ1: VII.3. | WK1: VII.3. | WL1: VII.3. | WM1: VII.3. | WN1: VII.3. | WO1: VII.3. | WP1: VII.3. | WQ1: VII.3. | WR1: VII.3. | WS1: VII.3. | WT1: VII.3. | WU1: VII.3. | WV1: VIII.1. | WW1: VIII.1. | WX1: VIII.1. | WY1: VIII.1. | WZ1: VIII.1. | XA1: VIII.1. | XB1: VIII.1. | XC1: VIII.1. | XD1: VIII.1. | XE1: VIII.1. | XF1: VIII.1. | XG1: VIII.1. | XH1: VIII.1. | XI1: VIII.2. | XJ1: VIII.2. | XK1: VIII.2. | XL1: VIII.2. | XM1: VIII.2. | XN1: VIII.2. | XO1: VIII.3. | XP1: VIII.3. | XQ1: VIII.3. | XR1: VIII.3. | XS1: VIII.3. | XT1: VIII.4. | XU1: VIII.4. | XV1: VIII.4. | XW1: VIII.4. | XX1: VIII.4. | XY1: VIII.4. | XZ1: VIII.4. | YA1: VIII.4. | YB1: VIII.5. | YC1: VIII.5. | YD1: VIII.5. | YE1: VIII.5. | YF1: VIII.6. | YG1: VIII.6. | YH1: VIII.6. | YI1: VIII.6. | YJ1: VIII.6. | YK1: VIII.6. | YL1: VIII.6. | YM1: VIII.6. | YN1: VIII.6. | YO1: VIII.6. | YP1: VIII.6. | YQ1: VIII.6. | YR1: VIII.6. | YS1: VIII.6. | YT1: VIII.6. | YU1: VIII.6. | YV1: VIII.6. | YW1: VIII.6. | YX1: VIII.6. | YY1: VIII.6. | YZ1: VIII.6. | ZA1: VIII.6. | ZB1: VIII.6. | ZC1: VIII.6. | ZD1: VIII.6. | ZE1: VIII.6. | ZF1: VIII.6. | ZG1: VIII.6. | ZH1: VIII.6. | ZI1: VIII.6. | ZJ1: VIII.6. | ZK1: VIII.6. | ZL1: VIII.6. | ZM1: VIII.6. | ZN1: VIII.6. | ZO1: VIII.6. | ZP1: VIII.6. | ZQ1: VIII.6. | ZR1: VIII.6. | ZS1: VIII.6. | ZT1: VIII.6. | ZU1: VIII.6. | ZV1: VIII.6. | ZW1: VIII.6. | ZX1: VIII.6. | ZY1: VIII.6. | ZZ1: VIII.6. | AAA1: VIII.6. | AAB1: VIII.6. | AAC1: VIII.6. | AAD1: VIII.6. | AAE1: VIII.6. | AAF1: VIII.6. | AAG1: VIII.6. | AAH1: VIII.6. | AAI1: VIII.6. | AAJ1: VIII.6. | AAK1: VIII.6. | AAL1: VIII.6. | AAM1: VIII.6. | AAN1: VIII.6. | AAO1: VIII.6. | AAP1: VIII.6. | AAQ1: VIII.6. | AAR1: VIII.6. | AAS1: VIII.6. | AAT1: VIII.6. | AAU1: VIII.6. | AAV1: VIII.6. | AAW1: VIII.6. | AAX1: VIII.6. | AAY1: VIII.6. | AAZ1: VIII.6. | ABA1: VIII.6. | ABB1: VIII.6. | ABC1: VIII.6. | ABD1: VIII.6. | ABE1: VIII.6. | ABF1: VIII.6. | ABG1: VIII.6. | ABH1: VIII.6. | ABI1: VIII.6. | ABJ1: VIII.6. | ABK1: VIII.6. | ABL1: VIII.6. | ABM1: VIII.6. | ABN1: VIII.6. | ABO1: VIII.6. | ABP1: VIII.6. | ABQ1: VIII.6. | ABR1: VIII.6. | ABS1: VIII.6. | ABT1: VIII.6. | ABU1: VIII.6. | ABV1: VIII.6. | ABW1: VIII.6. | ABX1: VIII.6. | ABY1: VIII.6. | ABZ1: VIII.6. | ACA1: VIII.6. | ACB1: VIII.6. | ACC1: VIII.6. | ACD1: VIII.6. | ACE1: VIII.6. | ACF1: VIII.6. | ACG1: VIII.6. | ACH1: VIII.6. | ACI1: VIII.6. | ACJ1: VIII.6. | ACK1: VIII.6. | ACL1: VIII.6. | ACM1: VIII.6. | ACN1: VIII.6. | ACO1: VIII.6. | ACP1: VIII.6. | ACQ1: VIII.6. | ACR1: VIII.6. | ACS1: VIII.6. | ACT1: VIII.6. | ACU1: VIII.6. | ACV1: VIII.6. | ACW1: VIII.6. | ACX1: VIII.6. | ACY1: VIII.6. | ACZ1: VIII.6. | ADA1: VIII.6. | ADB1: VIII.6. | ADC1: VIII.6. | ADD1: VIII.6. | ADE1: VIII.6. | ADF1: VIII.6. | ADG1: VIII.6. | ADH1: VIII.6. | ADI1: VIII.6. | ADJ1: VIII.6. | ADK1: VIII.6. | ADL1: VIII.6. | ADM1: VIII.6. | ADN1: VIII.6. | ADO1: VIII.6. | ADP1: VIII.6. | ADQ1: VIII.6. | ADR1: VIII.6. | ADS1: VIII.6. | ADT1: VIII.6. | ADU1: VIII.6. | ADV1: VIII.6. | ADW1: VIII.6. | ADX1: VIII.6. | ADY1: VIII.6. | ADZ1: VIII.6. | AEA1: VIII.6. | AEB1: VIII.6. | AEC1: VIII.6. | AED1: VIII.6. | AEE1: VIII.6. | AEF1: VIII.6. | AEG1: VIII.6. | AEH1: VIII.6. | AEI1: VIII.6. | AEJ1: VIII.6. | AEK1: VIII.6. | AEL1: VIII.6. | AEM1: VIII.6. | AEN1: VIII.6. | AEO1: VIII.6. | AEP1: VIII.6. | AEQ1: VIII.6. | AER1: VIII.6. | AES1: VIII.6. | AET1: VIII.6. | AEU1: VIII.6. | AEV1: VIII.6. | AEW1: VIII.6. | AEX1: VIII.6. | AEY1: VIII.6. | AEZ1: VIII.6. | AFA1: VIII.6. | AFB1: VIII.6. | AFC1: VIII.6. | AFD1: VIII.6. | AFE1: VIII.6. | AFF1: VIII.6. | AFG1: VIII.6. | AFH1: VIII.6. | AFI1: VIII.6. | AFJ1: VIII.6. | AFK1: VIII.6. | AFL1: VIII.6. | AFM1: VIII.6. | AFN1: VIII.6. | AFO1: VIII.6. | AFP1: VIII.6. | AFQ1: VIII.6. | AFR1: VIII.6. | AFS1: VIII.6. | AFT1: VIII.6. | AFU1: VIII.6. | AFV1: VIII.6. | AFW1: VIII.6. | AFX1: VIII.6. | AFY1: VIII.6. | AFZ1: VIII.6. | AGA1: VIII.6. | AGB1: VIII.6. | AGC1: VIII.6. | AGD1: VIII.6. | AGE1: VIII.6. | AGF1: VIII.6. | AGG1: VIII.6. | AGH1: VIII.6. | AGI1: VIII.6. | AGJ1: VIII.6. | AGK1: VIII.6. | AGL1: VIII.6. | AGM1: VIII.6. | AGN1: VIII.6. | AGO1: VIII.6. | AGP1: VIII.6. | AGQ1: VIII.6. | AGR1: VIII.6. | AGS1: VIII.6. | AGT1: VIII.6. | AGU1: VIII.6. | AGV1: VIII.6. | AGW1: VIII.6. | AGX1: VIII.6. | AGY1: VIII.6. | AGZ1: VIII.6. | AHA1: VIII.6. | AHB1: VIII.6. | AHC1: VIII.6. | AHD1: VIII.6. | AHE1: VIII.6. | AHF1: VIII.6. | AHG1: VIII.6. | AHH1: VIII.6. | AHI1: VIII.6. | AHJ1: VIII.6. | AHK1: VIII.6. | AHL1: VIII.6. | AHM1: VIII.6. | AHN1: VIII.6. | AHO1: VIII.6. | AHP1: VIII.6. | AHQ1: VIII.6. | AHR1: VIII.6. | AHS1: VIII.6. | AHT1: VIII.6. | AHU1: VIII.6. | AHV1: VIII.6. | AHW1: VIII.6. | AHX1: VIII.6. | AHY1: VIII.6. | AHZ1: VIII.6. | AIA1: VIII.6. | AIB1: VIII.7. | AIC1: VIII.7. | AID1: VIII.7. | AIE1: VIII.7. | AIF1: VIII.8. | AIG1: VIII.8. | AIH1: IX.2. | AII1: IX.2. | AIJ1: IX.2. | AIK1: IX.2. | AIL1: IX.2. | AIM1: IX.2. | AIN1: IX.2. | AIO1: IX.2. | AIP1: IX.2. | AIQ1: IX.2. | AIR1: IX.2. | AIS1: IX.2. | AIT1: IX.2. | AIU1: IX.2. | AIV1: IX.2. | AIW1: IX.2. | AIX1: IX.2. | AIY1: IX.2. | AIZ1: IX.2. | AJA1: IX.2. | AJB1: IX.2. | AJC1: IX.2. | AJD1: IX.2. | AJE1: IX.2. | AJF1: IX.2. | AJG1: IX.2. | AJH1: IX.2. | AJI1: IX.2. | AJJ1: IX.2. | AJK1: IX.2. | AJL1: IX.2. | AJM1: IX.2. | AJN1: IX.2. | AJO1: IX.2. | AJP1: X. | AJQ1: X. | AJR1: X. | AJS1: X. | AJT1: X. | AJU1: X. | AJV1: X. | AJW1: X. | AJX1: X. | AJY1: X. | AJZ1: X. | AKA1: X. | AKB1: X. | AKC1: XI. | AKD1: XI.
A2: REGION : | B2: DEPARTEMENT : | C2: ANNEE : | D2: Nom de l'ACT (Structure) | E2: Personne à contacter (Structure) | F2: N° FINESS de l'ACT : (Structure) | G2: Code NAF : (Structure) | H2: Code SIREN : (Structure) | I2: Adresse : (Structure) | J2: Code postal : (Structure) | K2: Commune : (Structure) | L2: Téléphone : (Structure) | M2: Adresse électronique : (Structure) | N2: Site Internet : (Structure) | O2: Nom de l'organisme gestionnaire (Org. Gest.) | P2: N° FINESS de l'entité juridique de rattachement : (Org. Gest.) | Q2: Structuration de l'établissement (Org. Gest.) | R2: Adresse : (Org. Gest.) | S2: Code postal : (Org. Gest.) | T2: Commune : (Org. Gest.) | U2: Téléphone : (Org. Gest.) | V2: Adresse électronique : (Org. Gest.) | W2: Site Internet : (Org. Gest.) | X2: LHSS, LAM, ACT, ACT "un chez soi d'abord" .... | Y2: LHSS, LAM, ACT, ACT "un chez soi d'abord" .... (Précisions) | Z2: CSAPA, CAARUD | AA2: CSAPA, CAARUD (Précisions) | AB2: secteur personnes âgées (EHPAD, maison de retraite …) | AC2: secteur personnes âgées (EHPAD, maison de retraite …) (Précisions) | AD2: secteur personnes handicapées (MAS, FAM, SAVS, SAMSAH, SSIAD, IME ….) | AE2: secteur personnes handicapées (MAS, FAM, SAVS, SAMSAH, SSIAD, IME ….) (Précisions) | AF2: Etablissement ou service social (acceuil de jour, CHRS, CPH, CADA, maison relais,résidence sociale, …) | AG2: Etablissement ou service social (acceuil de jour, CHRS, CPH, CADA, maison relais,résidence sociale, …) (Précisions) | AH2: Etablissement sanitaire (dont : HAD ...) | AI2: Etablissement sanitaire (dont : HAD ...) (Précisions) | AJ2: Service de prévention et d'acceuil (point écoute jeunes, maraude, maison des parents, ... | AK2: Service de prévention et d'acceuil (point écoute jeunes, maraude, maison des parents, ... (Précisions) | AL2: SIAO, 115 | AM2: SIAO, 115 (Précisions) | AN2: Service d'accompagnement social au logement , à l'insertion professionnelle | AO2: Service d'accompagnement social au logement , à l'insertion professionnelle (Précisions) | AP2: Autre structure et ou dispositif : /1 | AQ2: Autre structure et ou dispositif : /1 (Précisions) | AR2: Autre structure et ou dispositif : /2 | AS2: Autre structure et ou dispositif : /2 (Précisions) | AT2: Autre structure et ou dispositif : /3 | AU2: Autre structure et ou dispositif : /3 (Précisions) | AV2: Frais de siège : | AW2: Si oui, précisez la date d'autorisation : | AX2: Numero d'autorisation | AY2: Date de délivrance de l'autorisation | AZ2: Date de fin de l'autorisation | BA2: Échéance pour la mise en œuvre de l'obligation d'évaluation interne | BB2: Échéance pour la mise en œuvre de l'obligation d'évaluation externe | BC2: Date d'entrée en vigueur | BD2: Date d'échéance | BE2: Existe-t-il des critères d'admission formalisés dans le projet d'établissement ? | BF2: Existe-t-il des critères d'admission formalisés dans le projet d'établissement ? (Précisions) | BG2: Nombre de conventions signées avec des structures du secteur médico-social addictologie (CSAPA, CAARUD,..) | BH2: Nombre de conventions signées avec des structures du secteur médico-social addictologie (CSAPA, CAARUD,..) [Dont part. form.] | BI2: Nombre de conventions signées avec des structures du secteur médico-social addictologie (CSAPA, CAARUD,..) [Etabl.] | BJ2: Nombre de conventions signées avec des structures du secteur médico-social addictologie (CSAPA, CAARUD,..) [conv.] | BK2: Nombre de conventions signées avec d'autres structures médico-sociales "personnes confrontées à des difficultés spécifiques (ACT, LHSS, LAM ...) | BL2: Nombre de conventions signées avec d'autres structures médico-sociales "personnes confrontées à des difficultés spécifiques (ACT, LHSS, LAM ...) [Dont part. form.] | BM2: Nombre de conventions signées avec d'autres structures médico-sociales "personnes confrontées à des difficultés spécifiques (ACT, LHSS, LAM ...) [Etabl.] | BN2: Nombre de conventions signées avec d'autres structures médico-sociales "personnes confrontées à des difficultés spécifiques (ACT, LHSS, LAM ...) [conv.] | BO2: Nombre de conventions signées avec des structures médico-sociales du secteur Personnes âgées-personnes handicapées (MAS, FAM, SAVS, SAMSAH, SSIAD, EHPAD…) | BP2: Nombre de conventions signées avec des structures médico-sociales du secteur Personnes âgées-personnes handicapées (MAS, FAM, SAVS, SAMSAH, SSIAD, EHPAD…) [Dont part. form.] | BQ2: Nombre de conventions signées avec des structures médico-sociales du secteur Personnes âgées-personnes handicapées (MAS, FAM, SAVS, SAMSAH, SSIAD, EHPAD…) [Etabl.] | BR2: Nombre de conventions signées avec des structures médico-sociales du secteur Personnes âgées-personnes handicapées (MAS, FAM, SAVS, SAMSAH, SSIAD, EHPAD…) [conv.] | BS2: Nombre de conventions signées avec des structures sanitaires (hôpitaux, SSR, établissement psychiatrique, CDAG, UCSA, etc.) | BT2: Nombre de conventions signées avec des structures sanitaires (hôpitaux, SSR, établissement psychiatrique, CDAG, UCSA, etc.) [Dont part. form.] | BU2: Nombre de conventions signées avec des structures sanitaires (hôpitaux, SSR, établissement psychiatrique, CDAG, UCSA, etc.) [Etabl.] | BV2: Nombre de conventions signées avec des structures sanitaires (hôpitaux, SSR, établissement psychiatrique, CDAG, UCSA, etc.) [conv.] | BW2: Nombre de conventions signées avec des établissements ou services sociaux (CHRS, maisons relais, etc.) | BX2: Nombre de conventions signées avec des établissements ou services sociaux (CHRS, maisons relais, etc.) [Dont part. form.] | BY2: Nombre de conventions signées avec des établissements ou services sociaux (CHRS, maisons relais, etc.) [Etabl.] | BZ2: Nombre de conventions signées avec des établissements ou services sociaux (CHRS, maisons relais, etc.) [conv.] | CA2: Nombre de conventions signées avec l'administration pénitentiaire (Service pénitentiaire d'insertion et de probation-SPIP) | CB2: Nombre de conventions signées avec l'administration pénitentiaire (Service pénitentiaire d'insertion et de probation-SPIP) [Dont part. form.] | CC2: Nombre de conventions signées avec l'administration pénitentiaire (Service pénitentiaire d'insertion et de probation-SPIP) [Etabl.] | CD2: Nombre de conventions signées avec l'administration pénitentiaire (Service pénitentiaire d'insertion et de probation-SPIP) [conv.] | CE2: Nombre de conventions signées avec des associations caritatives (Banque alimentaire, restaurant du cœur, secours populaire …) | CF2: Nombre de conventions signées avec des associations caritatives (Banque alimentaire, restaurant du cœur, secours populaire …) [Dont part. form.] | CG2: Nombre de conventions signées avec des associations caritatives (Banque alimentaire, restaurant du cœur, secours populaire …) [Etabl.] | CH2: Nombre de conventions signées avec des associations caritatives (Banque alimentaire, restaurant du cœur, secours populaire …) [conv.] | CI2: Nombre de conventions signées avec des bailleurs (bailleurs sociaux, HLM …) | CJ2: Nombre de conventions signées avec des bailleurs (bailleurs sociaux, HLM …) [Dont part. form.] | CK2: Nombre de conventions signées avec des bailleurs (bailleurs sociaux, HLM …) [Etabl.] | CL2: Nombre de conventions signées avec des bailleurs (bailleurs sociaux, HLM …) [conv.] | CM2: Autre 1 | CN2: Autre 1 | CO2: Autre 1 [Dont part. form.] | CP2: Autre 1 [Etabl.] | CQ2: Autre 1 [conv.] | CR2: Autre 2 | CS2: Autre 2 | CT2: Autre 2 [Dont part. form.] | CU2: Autre 2 [Etabl.] | CV2: Autre 2 [conv.] | CW2: Autre 3 | CX2: Autre 3 | CY2: Autre 3 [Dont part. form.] | CZ2: Autre 3 [Etabl.] | DA2: Autre 3 [conv.] | DB2: TOTAL (Hors non renseigné) | DC2: Commentaires | DD2: GI : Produits de la tarification | DE2: GII : Autres produits relatifs à l'exploitation | DF2: GIII : Produits financiers et produits non encaissables | DG2: TOTAL | DH2: Montant de la participation des résidents (inscrire ici le montant mensuel demandé aux résidents, même si des résidents sans revenu ne peuvent le payer) : | DI2: La nature des ressources autres qu'assurance maladie : | DJ2: GI : Dépenses liées à l'exploitation courante | DK2: GII : Dépenses liées à la structure | DL2: GIII : Dépenses liées au personnel | DM2: TOTAL | DN2: Montant total de la participation des résidents | DO2: La nature des ressources autres qu'assurance maladie : | DP2: Commentaire | DQ2: Statut du personnel | DR2: Médecin (Struct.) | DS2: Médecin (Mis à dispo) | DT2: Médecin (total) | DU2: Médecin psychiatre (Struct.) | DV2: Médecin psychiatre (Mis à dispo) | DW2: Médecin psychiatre (total) | DX2: Infirmier (Struct.) | DY2: Infirmier (Mis à dispo) | DZ2: Infirmier (Total) | EA2: Psychologue (Struct.) | EB2: Psychologue (Mis à dispo) | EC2: Psychologue (Total) | ED2: Autres personnel paramédical (kinésithérapeute, art thérapeute, diététicien, …) (Struct.) | EE2: Autres personnel paramédical (kinésithérapeute, art thérapeute, diététicien, …) (Mis à dispo) | EF2: Autres personnel paramédical (kinésithérapeute, art thérapeute, diététicien, …) (Total) | EG2: Aide soignant, aide médico-psychologique, Auxilliaire de soin, (Struct.) | EH2: Aide soignant, aide médico-psychologique, Auxilliaire de soin, (Mis à dispo) | EI2: Aide soignant, aide médico-psychologique, Auxilliaire de soin, (Total) | EJ2: Educateur spécialisé/ Educateur de jeunes enfants/Moniteur éducateur / Autre personnel éducatif ou socio-éducatif (Struct.) | EK2: Educateur spécialisé/ Educateur de jeunes enfants/Moniteur éducateur / Autre personnel éducatif ou socio-éducatif (Mis à dispo) | EL2: Educateur spécialisé/ Educateur de jeunes enfants/Moniteur éducateur / Autre personnel éducatif ou socio-éducatif (Total) | EM2: Animateur / Moniteur/ Professeur d'activité sportive adaptée (Struct.) | EN2: Animateur / Moniteur/ Professeur d'activité sportive adaptée (Mis à dispo) | EO2: Animateur / Moniteur/ Professeur d'activité sportive adaptée (Total) | EP2: Assistant social (Struct.) | EQ2: Assistant social (Mis à dispo) | ER2: Assistant social (Total) | ES2: Technicien(ne) de l'intervention sociale et familiale (Struct.) | ET2: Technicien(ne) de l'intervention sociale et familiale (Mis à dispo) | EU2: Technicien(ne) de l'intervention sociale et familiale (Total) | EV2: Conseiller emploi / insertion (Struct.) | EW2: Conseiller emploi / insertion (Mis à dispo) | EX2: Conseiller emploi / insertion (Total) | EY2: Conseiller en économie sociale et familiale (Struct.) | EZ2: Conseiller en économie sociale et familiale (Mis à dispo) | FA2: Conseiller en économie sociale et familiale (Total) | FB2: Chargé de mission logement (Struct.) | FC2: Chargé de mission logement (Mis à dispo) | FD2: Chargé de mission logement (Total) | FE2: Maitresse de maison, aide à domicile, auxiliaire de vie, … (Struct.) | FF2: Maitresse de maison, aide à domicile, auxiliaire de vie, … (Mis à dispo) | FG2: Maitresse de maison, aide à domicile, auxiliaire de vie, … (Total) | FH2: Directeur / Chef de service (Struct.) | FI2: Directeur / Chef de service (Mis à dispo) | FJ2: Directeur / Chef de service (Total) | FK2: Assistant de direction, secrétariat et personnel administratif (Struct.) | FL2: Assistant de direction, secrétariat et personnel administratif (Mis à dispo) | FM2: Assistant de direction, secrétariat et personnel administratif (Total) | FN2: Personnel logistique (entretien…) (Struct.) | FO2: Personnel logistique (entretien…) (Mis à dispo) | FP2: Personnel logistique (entretien…) (Total) | FQ2: Autre 1 | FR2: Autre 1 (Struct.) | FS2: Autre 1 (Mis à dispo) | FT2: Autre 1 (Total) | FU2: Autre 2 | FV2: Autre 2 (Struct.) | FW2: Autre 2 (Mis à dispo) | FX2: Autre 2 (Total) | FY2: Autre 3 | FZ2: Autre 3 (Struct.) | GA2: Autre 3 (Mis à dispo) | GB2: Autre 3 (Total) | GC2: Total (Struct.) | GD2: Total (Mis à dispo) | GE2: Total (Total) | GF2: Stagiaires (Struct.) | GG2: Stagiaires (Mis à dispo) | GH2: Stagiaires (Total) | GI2: Service civique (Struct.) | GJ2: Service civique (Mis à dispo) | GK2: Service civique (Total) | GL2: Ne sait pas / non renseigné (Struct.) | GM2: Ne sait pas / non renseigné (Mis à dispo) | GN2: Ne sait pas / non renseigné (Total) | GO2: Nombre de recrutements dans l'année (ETP) | GP2: Nombre de recrutements dans l'année (Nb) | GQ2: Nombre de départs dans l'année (en effectifs physiques) (ETP) | GR2: Nombre de départs dans l'année (en effectifs physiques) (Nb) | GS2: Effectifs réels dans la structure (en nombre de personnes) | GT2: Commentaire | GU2: Nb résidant FA (femmes) | GV2: Nb résidant FA (hommes ) | GW2: Nb résidant FA (transgenres) | GX2: Nb résidant FA (mineurs) | GY2: Nb résidant FA (total) | GZ2: Nouveau résidents (femmes) | HA2: Nouveau résidents (hommes ) | HB2: Nouveau résidents (transgenres) | HC2: Nouveau résidents (mineurs) | HD2: Nouveau résidents (total) | HE2: Nb sortant (femmes) | HF2: Nb sortant (hommes ) | HG2: Nb sortant (transgenres) | HH2: Nb sortant (mineurs) | HI2: Nb sortant (total) | HJ2: Nb accompagnants adultes | HK2: Nb accompagnants mineurs | HL2: Nb accompagnants total | HM2: Nb accompagnants dont nouveauxadultes | HN2: Nb accompagnants dont nouveauxmineurs | HO2: Nb accompagnants dont nouveauxtotal | HP2: Nombre de personnes ayant résidé dans l'année avec un ou plusieurs accompagnants | HQ2: dont accompagnant adulte uniquement | HR2: dont adulte avec mineurs | HS2: dont mineurs | HT2: Commentaires | HU2: Nombre total de places autorisées au 31/12 | HV2: dont nombre total de places installées au 31/12 | HW2: dont nouvelles places autorisées au cours de l'année | HX2: En hébergement individuel | HY2: En hébergement semi-collectif | HZ2: En hébergement collectif | IA2: TOTAL | IB2: Une présence est-elle assurée 24 h /24 ? | IC2: Existe-t-il un dispositif d'astreinte ? | ID2: Nombre de places accessibles pour les personnes à mobilité réduite | IE2: Commentaire | IF2: CNI (hébergées) | IG2: CNI (sorties) | IH2: Carte de résident (10 ans) (hébergées) | II2: Carte de résident (10 ans) (sorties) | IJ2: Personnes bénéficiant d'une carte de séjour temporaire "vie privée et familiale" au titre de l'état de santé (hébergées) | IK2: Personnes bénéficiant d'une carte de séjour temporaire "vie privée et familiale" au titre de l'état de santé (sorties) | IL2: Personnes bénéficiant d'une carte de séjour temporaire "vie privée et familiale" à d'autres titres (hébergées) | IM2: Personnes bénéficiant d'une carte de séjour temporaire "vie privée et familiale" à d'autres titres (sorties) | IN2: Personnes bénéficiant d'une autorisation provisoire de séjour (APS) (hébergées) | IO2: Personnes bénéficiant d'une autorisation provisoire de séjour (APS) (sorties) | IP2: Personnes en possession d'un récépissé de demande de titre de séjour ou d'un RDV en préfecture (hébergées) | IQ2: Personnes en possession d'un récépissé de demande de titre de séjour ou d'un RDV en préfecture (sorties) | IR2: Personnes sans titre de séjour (hébergées) | IS2: Personnes sans titre de séjour (sorties) | IT2: Autre 1 | IU2: Autre 1 (hébergées) | IV2: Autre 1 (sorties) | IW2: Autre 2 (hébergées) | IX2: Autre 2 (hébergées) | IY2: Autre 2 (sorties) | IZ2: TOTAL (hébergées) | JA2: TOTAL (sorties) | JB2: Ne sait pas /ou non renseigné (hébergées) | JC2: Ne sait pas /ou non renseigné (sorties) | JD2: Nombre de personnes affiliées au régime général (hébergées) | JE2: Nombre de personnes affiliées au régime général (sorties) | JF2: Nombre de personnes affiliées à un autre régime obligatoire d'assurance maladie (hébergées) | JG2: Nombre de personnes affiliées à un autre régime obligatoire d'assurance maladie (sorties) | JH2: Nombre de personnes bénéficiant de la couverture maladie universelle (CMU) (hébergées) | JI2: Nombre de personnes bénéficiant de la couverture maladie universelle (CMU) (sorties) | JJ2: Nombre de personnes bénéficiant de l'aide médicale Etat (AME) (hébergées) | JK2: Nombre de personnes bénéficiant de l'aide médicale Etat (AME) (sorties) | JL2: Nombre de personnes sans protection maladie de base (hébergées) | JM2: Nombre de personnes sans protection maladie de base (sorties) | JN2: TOTAL (hébergées) | JO2: TOTAL (sorties) | JP2: Ne sait pas /ou non renseigné (hébergées) | JQ2: Ne sait pas /ou non renseigné (sorties) | JR2: Couverture maladie universelle complémentaire (CMU-C) (hébergées) | JS2: Couverture maladie universelle complémentaire (CMU-C) (sorties) | JT2: Assurance complémentaire facultative (mutuelle) (hébergées) | JU2: Assurance complémentaire facultative (mutuelle) (sorties) | JV2: Sans (hébergées) | JW2: Sans (sorties) | JX2: TOTAL (Hors Non renseigné) (hébergées) | JY2: TOTAL (Hors Non renseigné) (sorties) | JZ2: Ne sait pas /ou non renseigné (hébergées) | KA2: Ne sait pas /ou non renseigné (sorties) | KB2: Nombre de personnes bénéficiant de l'ALD (Affection longue durée) (hébergées) | KC2: Nombre de personnes bénéficiant de l'ALD (Affection longue durée) (sorties) | KD2: Nombre de personnes ne bénéficiant pas de l'ALD (Affection longue durée) (hébergées) | KE2: Nombre de personnes ne bénéficiant pas de l'ALD (Affection longue durée) (sorties) | KF2: TOTAL (Hors Non renseigné) (hébergées) | KG2: TOTAL (Hors Non renseigné) (sorties) | KH2: Ne sait pas /ou non renseigné (hébergées) | KI2: Ne sait pas /ou non renseigné (sorties) | KJ2: Nombre de personnes ayant des revenus d'activité (salaire et primes) (hébergées) | KK2: Nombre de personnes ayant des revenus d'activité (salaire et primes) (sorties) | KL2: Nombre de personnes ayant des revenus de remplacemement (pension de retraite, allocations de préretraite, pension d'invalidité, indemnités journalières de sécurité sociale (IJ),allocation de chômage (ARE), Allocation spécifique de solidarité (ASS)…) (hébergées) | KM2: Nombre de personnes ayant des revenus de remplacemement (pension de retraite, allocations de préretraite, pension d'invalidité, indemnités journalières de sécurité sociale (IJ),allocation de chômage (ARE), Allocation spécifique de solidarité (ASS)…) (sorties) | KN2: Nombre de personnes bénéficiant du revenu de solidarité active (RSA) (hébergées) | KO2: Nombre de personnes bénéficiant du revenu de solidarité active (RSA) (sorties) | KP2: Allocation Adulte handicapé (AAH) (hébergées) | KQ2: Allocation Adulte handicapé (AAH) (sorties) | KR2: Nombre de personnes bénéficiant d'autres prestations sociales (allocation familiale …) (hébergées) | KS2: Nombre de personnes bénéficiant d'autres prestations sociales (allocation familiale …) (sorties) | KT2: Formation rémunérée, bourse étudiante (hébergées) | KU2: Formation rémunérée, bourse étudiante (sorties) | KV2: Ressources provenant d'un tiers (hébergées) | KW2: Ressources provenant d'un tiers (sorties) | KX2: Nombre de personnes bénéficiant de l'allocation pour demandeur d'asile (ADA) … (hébergées) | KY2: Nombre de personnes bénéficiant de l'allocation pour demandeur d'asile (ADA) … (sorties) | KZ2: Nombre de personnes ayant des revenus dactivité non déclarée (hébergées) | LA2: Nombre de personnes ayant des revenus dactivité non déclarée (sorties) | LB2: Sans revenu (hébergées) | LC2: Sans revenu (sorties) | LD2: Autre 1 | LE2: Autre 1 (hébergées) | LF2: Autre 1 (sorties) | LG2: Autre 2 | LH2: Autre 2 (hébergées) | LI2: Autre 2 (sorties) | LJ2: Autre 3 | LK2: Autre 3 (hébergées) | LL2: Autre 3 (sorties) | LM2: Autre 4 | LN2: Autre 4 (hébergées) | LO2: Autre 4 (sorties) | LP2: TOTAL (Hors Non renseigné) (hébergées) | LQ2: TOTAL (Hors Non renseigné) (sorties) | LR2: Ne sait pas /ou non renseigné (hébergées) | LS2: Ne sait pas /ou non renseigné (sorties) | LT2: En emploi temps partiel (hébergées) | LU2: En emploi temps partiel (sorties) | LV2: En emploi temps plein (hébergées) | LW2: En emploi temps plein (sorties) | LX2: En formation (hébergées) | LY2: En formation (sorties) | LZ2: Etudiant ou statut élève de l'éducation national (hébergées) | MA2: Etudiant ou statut élève de l'éducation national (sorties) | MB2: Demandeur d'emploi (hébergées) | MC2: Demandeur d'emploi (sorties) | MD2: Retraite ou pré-retraite (hébergées) | ME2: Retraite ou pré-retraite (sorties) | MF2: Invalidité (hébergées) | MG2: Invalidité (sorties) | MH2: Inaptitude au travail reconnue par la MDPH (hébergées) | MI2: Inaptitude au travail reconnue par la MDPH (sorties) | MJ2: Sans activité professionnelle (hébergées) | MK2: Sans activité professionnelle (sorties) | ML2: Sans autorisation administrative de travailler (hébergées) | MM2: Sans autorisation administrative de travailler (sorties) | MN2: Autre 1 | MO2: Autre 1 (hébergées) | MP2: Autre 1 (sorties) | MQ2: Autre 2 | MR2: Autre 2 (hébergées) | MS2: Autre 2 (sorties) | MT2: Autre 3 | MU2: Autre 3 (hébergées) | MV2: Autre 3 (sorties) | MW2: Autre 4 | MX2: Autre 4 (hébergées) | MY2: Autre 4 (sorties) | MZ2: TOTAL (Hors Non renseigné) (hébergées) | NA2: TOTAL (Hors Non renseigné) (sorties) | NB2: Ne sait pas /ou non renseigné (hébergées) | NC2: Ne sait pas /ou non renseigné (sorties) | ND2: Nombre d'entretiens de pré-admission | NE2: Nb Entr. Ind. (Médecin) | NF2: Nb Résidents (Médecin) | NG2: Nb Entr. Ind. (Infirmier) | NH2: Nb Résidents (Infirmier) | NI2: Nb Entr. Ind. (Psychologue) | NJ2: Nb Résidents (Psychologue) | NK2: Nb Entr. Ind. (Educateur spécialisé) | NL2: Nb Résidents (Educateur spécialisé) | NM2: Nb Entr. Ind. (Animateur/Moniteur/Professeur d'APA) | NN2: Nb Résidents (Animateur/Moniteur/Professeur d'APA) | NO2: Nb Entr. Ind. (Assistants sociaux) | NP2: Nb Résidents (Assistants sociaux) | NQ2: Nb Entr. Ind. (Conseiller emploi / insertion ) | NR2: Nb Résidents (Conseiller emploi / insertion ) | NS2: Nb Entr. Ind. (CESF ) | NT2: Nb Résidents (CESF ) | NU2: Autre 1 | NV2: Nb Entr. Ind. (Autre 1) | NW2: Nb Résidents (Autre 1) | NX2: Autre 2 | NY2: Nb Entr. Ind. (Autre 2) | NZ2: Nb Résidents (Autre 2) | OA2: Autre 3 | OB2: Nb Entr. Ind. (Autre 3) | OC2: Nb Résidents (Autre 3) | OD2: Autre 4 | OE2: Nb Entr. Ind. (Autre 4) | OF2: Nb Résidents (Autre 4) | OG2: Nb Activités | OH2: Type Activités | OI2: Nombre d'accompagnements de résidents (démarche extérieure) | OJ2: Nb résidents (accompagnements) | OK2: Existence d'un service de suivi après la sortie | OL2: Nb personnes sorties ayant bénéficié d'un suivi / soutien | OM2: Nb pers. Accompagnées de 1 à 3 mois | ON2: Nb pers. Accompagnées de 3 à 6 mois | OO2: Nb pers. Accompagnées de 6 à 12 mois | OP2: Type suivi | OQ2: Hospitalisation à domicile, service de soin palliatif à domicile… | OR2: Infirmiers à domicile, SSIAD, infirmiers libéraux, IDE … | OS2: Appareillage médicalisé (oxygène à domicile, lits médicalisés, …) | OT2: Aide médico psychochologique | OU2: Kinésithérapeute | OV2: Diététicien | OW2: Autres thérapeutes 1 | OX2: Autres thérapeutes 1 | OY2: Autres thérapeutes 2 | OZ2: Autres thérapeutes 2 | PA2: Autres thérapeutes 3 | PB2: Autres thérapeutes 3 | PC2: Service d'interprétariat | PD2: Conseiller emploi / insertion/accès à la formation/alphabétisation | PE2: Juriste | PF2: Autre 1 | PG2: Autre 1 | PH2: Autre 2 | PI2: Autre 2 | PJ2: Modalités d'intervention spécifiques pour l'accueil des personnes sous main de justice | PK2: Descriptif qualitatif de l'activité | PL2: Commentaires | PM2: Nb candidatures (femmes) | PN2: Nb candidatures (hommes ) | PO2: Nb candidatures (transgenres) | PP2: Nb candidatures (mineurs) | PQ2: Nb candidatures (total) | PR2: Nb candidatures avec accomp. (femmes) | PS2: Nb candidatures avec accomp. (hommes ) | PT2: Nb candidatures avec accomp. (transgenres) | PU2: Nb candidatures avec accomp. (mineurs) | PV2: Nb candidatures avec accomp. (total) | PW2: VIH (femmes) | PX2: VIH (hommes ) | PY2: VIH (transgenres) | PZ2: VIH (mineurs) | QA2: VIH (total) | QB2: Hépatite B (femmes) | QC2: Hépatite B (hommes ) | QD2: Hépatite B (transgenres) | QE2: Hépatite B (mineurs) | QF2: Hépatite B (total) | QG2: Hépatite C (femmes) | QH2: Hépatite C (hommes ) | QI2: Hépatite C (transgenres) | QJ2: Hépatite C (mineurs) | QK2: Hépatite C (total) | QL2: Cancer (femmes) | QM2: Cancer (hommes ) | QN2: Cancer (transgenres) | QO2: Cancer (mineurs) | QP2: Cancer (total) | QQ2: Diabète (femmes) | QR2: Diabète (hommes ) | QS2: Diabète (transgenres) | QT2: Diabète (mineurs) | QU2: Diabète (total) | QV2: Insuffisance rénale chronique (femmes) | QW2: Insuffisance rénale chronique (hommes ) | QX2: Insuffisance rénale chronique (transgenres) | QY2: Insuffisance rénale chronique (mineurs) | QZ2: Insuffisance rénale chronique (total) | RA2: Maladie cardio-vasculaire (femmes) | RB2: Maladie cardio-vasculaire (hommes ) | RC2: Maladie cardio-vasculaire (transgenres) | RD2: Maladie cardio-vasculaire (mineurs) | RE2: Maladie cardio-vasculaire (total) | RF2: Troubles neurocognitifs (ex : séquelles d'AVC…) (femmes) | RG2: Troubles neurocognitifs (ex : séquelles d'AVC…) (hommes ) | RH2: Troubles neurocognitifs (ex : séquelles d'AVC…) (transgenres) | RI2: Troubles neurocognitifs (ex : séquelles d'AVC…) (mineurs) | RJ2: Troubles neurocognitifs (ex : séquelles d'AVC…) (total) | RK2: Maladie neurologique dégénérative (ex : sclérose en plaques, sclérose latérale amyotrophique, Parkinson..) (femmes) | RL2: Maladie neurologique dégénérative (ex : sclérose en plaques, sclérose latérale amyotrophique, Parkinson..) (hommes ) | RM2: Maladie neurologique dégénérative (ex : sclérose en plaques, sclérose latérale amyotrophique, Parkinson..) (transgenres) | RN2: Maladie neurologique dégénérative (ex : sclérose en plaques, sclérose latérale amyotrophique, Parkinson..) (mineurs) | RO2: Maladie neurologique dégénérative (ex : sclérose en plaques, sclérose latérale amyotrophique, Parkinson..) (total) | RP2: Pathologie pulmonaire chronique (femmes) | RQ2: Pathologie pulmonaire chronique (hommes ) | RR2: Pathologie pulmonaire chronique (transgenres) | RS2: Pathologie pulmonaire chronique (mineurs) | RT2: Pathologie pulmonaire chronique (total) | RU2: Maladie psychiatriques, maladies psychologiques, troubles du comportement, troubles anxieux, troubles dépressif, trouble de la personnalité, trouble de l'alimentation ... (femmes) | RV2: Maladie psychiatriques, maladies psychologiques, troubles du comportement, troubles anxieux, troubles dépressif, trouble de la personnalité, trouble de l'alimentation ... (hommes ) | RW2: Maladie psychiatriques, maladies psychologiques, troubles du comportement, troubles anxieux, troubles dépressif, trouble de la personnalité, trouble de l'alimentation ... (transgenres) | RX2: Maladie psychiatriques, maladies psychologiques, troubles du comportement, troubles anxieux, troubles dépressif, trouble de la personnalité, trouble de l'alimentation ... (mineurs) | RY2: Maladie psychiatriques, maladies psychologiques, troubles du comportement, troubles anxieux, troubles dépressif, trouble de la personnalité, trouble de l'alimentation ... (total) | RZ2: Toxicomanie (hors alcool et tabac) ou traitement de substitution aux opiacées (femmes) | SA2: Toxicomanie (hors alcool et tabac) ou traitement de substitution aux opiacées (hommes ) | SB2: Toxicomanie (hors alcool et tabac) ou traitement de substitution aux opiacées (transgenres) | SC2: Toxicomanie (hors alcool et tabac) ou traitement de substitution aux opiacées (mineurs) | SD2: Toxicomanie (hors alcool et tabac) ou traitement de substitution aux opiacées (total) | SE2: Drepanocytose (femmes) | SF2: Drepanocytose (hommes ) | SG2: Drepanocytose (transgenres) | SH2: Drepanocytose (mineurs) | SI2: Drepanocytose (total) | SJ2: Cirrhose, insuffisance hépatique (femmes) | SK2: Cirrhose, insuffisance hépatique (hommes ) | SL2: Cirrhose, insuffisance hépatique (transgenres) | SM2: Cirrhose, insuffisance hépatique (mineurs) | SN2: Cirrhose, insuffisance hépatique (total) | SO2: Maladies digestives, du tube digestif, gastro-instestinales (femmes) | SP2: Maladies digestives, du tube digestif, gastro-instestinales (hommes ) | SQ2: Maladies digestives, du tube digestif, gastro-instestinales (transgenres) | SR2: Maladies digestives, du tube digestif, gastro-instestinales (mineurs) | SS2: Maladies digestives, du tube digestif, gastro-instestinales (total) | ST2: Maladies auto-immunes (lupus …) (femmes) | SU2: Maladies auto-immunes (lupus …) (hommes ) | SV2: Maladies auto-immunes (lupus …) (transgenres) | SW2: Maladies auto-immunes (lupus …) (mineurs) | SX2: Maladies auto-immunes (lupus …) (total) | SY2: Maladies hématologiques (femmes) | SZ2: Maladies hématologiques (hommes ) | TA2: Maladies hématologiques (transgenres) | TB2: Maladies hématologiques (mineurs) | TC2: Maladies hématologiques (total) | TD2: Maladies dermatologiques (psiorasis…) (femmes) | TE2: Maladies dermatologiques (psiorasis…) (hommes ) | TF2: Maladies dermatologiques (psiorasis…) (transgenres) | TG2: Maladies dermatologiques (psiorasis…) (mineurs) | TH2: Maladies dermatologiques (psiorasis…) (total) | TI2: Maladies génétiques, maladies orphelines, maladies rares (myopathie, mucoviscidose …) (femmes) | TJ2: Maladies génétiques, maladies orphelines, maladies rares (myopathie, mucoviscidose …) (hommes ) | TK2: Maladies génétiques, maladies orphelines, maladies rares (myopathie, mucoviscidose …) (transgenres) | TL2: Maladies génétiques, maladies orphelines, maladies rares (myopathie, mucoviscidose …) (mineurs) | TM2: Maladies génétiques, maladies orphelines, maladies rares (myopathie, mucoviscidose …) (total) | TN2: Autre 1 | TO2: Autre 1 (femmes) | TP2: Autre 1 (hommes ) | TQ2: Autre 1 (transgenres) | TR2: Autre 1 (mineurs) | TS2: Autre 1 (total) | TT2: Autre 2 | TU2: Autre 2 (femmes) | TV2: Autre 2 (hommes ) | TW2: Autre 2 (transgenres) | TX2: Autre 2 (mineurs) | TY2: Autre 2 (total) | TZ2: Autre 3 | UA2: Autre 3 (femmes) | UB2: Autre 3 (hommes ) | UC2: Autre 3 (transgenres) | UD2: Autre 3 (mineurs) | UE2: Autre 3 (total) | UF2: Autre 4 | UG2: Autre 4 (femmes) | UH2: Autre 4 (hommes ) | UI2: Autre 4 (transgenres) | UJ2: Autre 4 (mineurs) | UK2: Autre 4 (total) | UL2: Autre 5 | UM2: Autre 5 (femmes) | UN2: Autre 5 (hommes ) | UO2: Autre 5 (transgenres) | UP2: Autre 5 (mineurs) | UQ2: Autre 5 (total) | UR2: TOTAL (femmes) | US2: TOTAL (hommes ) | UT2: TOTAL (transgenres) | UU2: TOTAL (mineurs) | UV2: TOTAL (total) | UW2: Ne sait pas /ou non renseigné (femmes) | UX2: Ne sait pas /ou non renseigné (hommes ) | UY2: Ne sait pas /ou non renseigné (transgenres) | UZ2: Ne sait pas /ou non renseigné (mineurs) | VA2: Ne sait pas /ou non renseigné (total) | VB2: Parmi les candidatures reçues dans l'année, combien de personnes étaient atteintes de plusieurs pathologies ? | VC2: Parmi les candidatures reçues dans l'année, combien de personnes présentaient des conduites addictives | VD2: nb de personnes admises sur liste d'attente | VE2: Etablissement ou service médico-social (addictologie, handicap, autre ACT, LHSS, LAM…) | VF2: Etablissement social d'hébergement (CHRS, etc) | VG2: Services sociaux municipaux/départementaux | VH2: Services sociaux hospitaliers (et autres : ELSA, service de médecine…) | VI2: SPIP ou UCSA (personnes placées sous main de justice ou sortie de prison) | VJ2: Association d'aide aux malades | VK2: Association ou structure interne | VL2: Initiative de la personnes ou des proches | VM2: CADA | VN2: Autre association | VO2: Autre 1 | VP2: Autre 1 | VQ2: Autre 2 | VR2: Autre 2 | VS2: Autre 3 | VT2: Autre 3 | VU2: Autre 4 | VV2: Autre 4 | VW2: Autre 5 | VX2: Autre 5 | VY2: TOTAL (Hors Non renseigné) | VZ2: Ne sait pas /ou non renseigné | WA2: Nombre de refus d'admission en raison d'une absence de place disponible | WB2: Nombre de refus car la personne nécessite une prise en charge hospitalière | WC2: Nombre de refus en raison des conduites addictives | WD2: Nombre de refus en raison des comorbidités psychiatriques | WE2: Nombre de refus car le dossier est hors critères médicaux (pas de pathologie, pas de pathologie chronique, pas de coordination médicale à mettre en place …) | WF2: Nombre de refus car la personne possède déjà un logement autonome ou une coordination médicale est déjà en place avec uniquement un besoin de logement | WG2: Nombre de refus car les modalités d'accueil ne permettent pas d'accueillir la personne (personne à mobilité réduite, présence d'accompagnant, présence d'un animal, …) | WH2: Nombre de reufs car le dossier est incomplet, la personne n'a pas donné suite, une autre solution a été trouvée, la personne a refusé | WI2: Nombre de refus car le dossier est hors critère en fonction du projet d'établissement | WJ2: Nombre de refus car la personne est hors critère d'âge (trop jeune ou trop agée) | WK2: Nombre de refus car la personne est originaire d'un autre département ou d'une autre région | WL2: Nombre de refus car la personne est sans ressource ou en situation irrégulière | WM2: Nombre de refus car la personne est sans perspective de sortie | WN2: La personne est décédée | WO2: Autre 1 | WP2: Autre 1 | WQ2: Autre 2 | WR2: Autre 2 | WS2: TOTAL (Hors Non renseigné) | WT2: Ne sait pas /ou non renseigné | WU2: Commentaire | WV2: Moins de 20 ans | WW2: 20 à 24 ans | WX2: 25 à 29 ans | WY2: 30 à 34 ans | WZ2: 35 à 39 ans | XA2: 40 à 44 ans | XB2: 45 à 49 ans | XC2: 50 à 54 ans | XD2: 55 à 59 ans | XE2: 60 à 64 ans | XF2: 65 ans et plus | XG2: Total | XH2: Ne sait pas ou non renseigné | XI2: Nombre de résidents domiciliés dans le département | XJ2: Nombre de résidents domiciliés dans la région (hors département) | XK2: Nombre de résidents domiciliés dans d'autres régions | XL2: Sans domiciliation | XM2: TOTAL | XN2: Ne sait pas ou non renseigné | XO2: Durable | XP2: Hébergement provisoire ou précaire (chez des proches, en hôtel, hébergement d'urgence, en prison..) | XQ2: Sans hébergement | XR2: TOTAL (Hors non renseigné) | XS2: Ne sait pas ou non renseigné | XT2: Célibataire | XU2: Union libre | XV2: Marié( e) | XW2: Pacsé(e ) | XX2: Divorcé(e ) | XY2: Veuf/veuve | XZ2: TOTAL (Hors non renseigné) | YA2: Ne sait pas ou non renseigné | YB2: Nb total de résidents sous main de justice ou sortant de prison : | YC2: Aménagement de peine | YD2: Suspension de peine pour raison médicale | YE2: Sortie de prison (libération) | YF2: VIH (femmes) | YG2: VIH (hommes ) | YH2: VIH (transgenres) | YI2: VIH (mineurs) | YJ2: VIH (total) | YK2: Hépatite B (femmes) | YL2: Hépatite B (hommes ) | YM2: Hépatite B (transgenres) | YN2: Hépatite B (mineurs) | YO2: Hépatite B (total) | YP2: Hépatite C (femmes) | YQ2: Hépatite C (hommes ) | YR2: Hépatite C (transgenres) | YS2: Hépatite C (mineurs) | YT2: Hépatite C (total) | YU2: Cancer (femmes) | YV2: Cancer (hommes ) | YW2: Cancer (transgenres) | YX2: Cancer (mineurs) | YY2: Cancer (total) | YZ2: Diabète (femmes) | ZA2: Diabète (hommes ) | ZB2: Diabète (transgenres) | ZC2: Diabète (mineurs) | ZD2: Diabète (total) | ZE2: Insuffisance rénale chronique (femmes) | ZF2: Insuffisance rénale chronique (hommes ) | ZG2: Insuffisance rénale chronique (transgenres) | ZH2: Insuffisance rénale chronique (mineurs) | ZI2: Insuffisance rénale chronique (total) | ZJ2: Maladie cardio-vasculaire (femmes) | ZK2: Maladie cardio-vasculaire (hommes ) | ZL2: Maladie cardio-vasculaire (transgenres) | ZM2: Maladie cardio-vasculaire (mineurs) | ZN2: Maladie cardio-vasculaire (total) | ZO2: Troubles neurocognitifs (ex : séquelles d'AVC…) (femmes) | ZP2: Troubles neurocognitifs (ex : séquelles d'AVC…) (hommes ) | ZQ2: Troubles neurocognitifs (ex : séquelles d'AVC…) (transgenres) | ZR2: Troubles neurocognitifs (ex : séquelles d'AVC…) (mineurs) | ZS2: Troubles neurocognitifs (ex : séquelles d'AVC…) (total) | ZT2: Maladie neurologique dégénérative (ex : sclérose en plaques, sclérose latérale amyotrophique, Parkinson..) (femmes) | ZU2: Maladie neurologique dégénérative (ex : sclérose en plaques, sclérose latérale amyotrophique, Parkinson..) (hommes ) | ZV2: Maladie neurologique dégénérative (ex : sclérose en plaques, sclérose latérale amyotrophique, Parkinson..) (transgenres) | ZW2: Maladie neurologique dégénérative (ex : sclérose en plaques, sclérose latérale amyotrophique, Parkinson..) (mineurs) | ZX2: Maladie neurologique dégénérative (ex : sclérose en plaques, sclérose latérale amyotrophique, Parkinson..) (total) | ZY2: Pathologie pulmonaire chronique (femmes) | ZZ2: Pathologie pulmonaire chronique (hommes ) | AAA2: Pathologie pulmonaire chronique (transgenres) | AAB2: Pathologie pulmonaire chronique (mineurs) | AAC2: Pathologie pulmonaire chronique (total) | AAD2: Maladie psychiatriques, maladies psychologiques, troubles du comportement, troubles anxieux, troubles dépressif, trouble de la personnalité, trouble de l'alimentation ... (femmes) | AAE2: Maladie psychiatriques, maladies psychologiques, troubles du comportement, troubles anxieux, troubles dépressif, trouble de la personnalité, trouble de l'alimentation ... (hommes ) | AAF2: Maladie psychiatriques, maladies psychologiques, troubles du comportement, troubles anxieux, troubles dépressif, trouble de la personnalité, trouble de l'alimentation ... (transgenres) | AAG2: Maladie psychiatriques, maladies psychologiques, troubles du comportement, troubles anxieux, troubles dépressif, trouble de la personnalité, trouble de l'alimentation ... (mineurs) | AAH2: Maladie psychiatriques, maladies psychologiques, troubles du comportement, troubles anxieux, troubles dépressif, trouble de la personnalité, trouble de l'alimentation ... (total) | AAI2: Conduites addictives ou traitement de substitution aux opiacées (femmes) | AAJ2: Conduites addictives ou traitement de substitution aux opiacées (hommes ) | AAK2: Conduites addictives ou traitement de substitution aux opiacées (transgenres) | AAL2: Conduites addictives ou traitement de substitution aux opiacées (mineurs) | AAM2: Conduites addictives ou traitement de substitution aux opiacées (total) | AAN2: Drepanocytose (femmes) | AAO2: Drepanocytose (hommes ) | AAP2: Drepanocytose (transgenres) | AAQ2: Drepanocytose (mineurs) | AAR2: Drepanocytose (total) | AAS2: Cirrhose, insuffisance hépatique (femmes) | AAT2: Cirrhose, insuffisance hépatique (hommes ) | AAU2: Cirrhose, insuffisance hépatique (transgenres) | AAV2: Cirrhose, insuffisance hépatique (mineurs) | AAW2: Cirrhose, insuffisance hépatique (total) | AAX2: Maladies digestives, du tube digestif, gastro-instestinales (femmes) | AAY2: Maladies digestives, du tube digestif, gastro-instestinales (hommes ) | AAZ2: Maladies digestives, du tube digestif, gastro-instestinales (transgenres) | ABA2: Maladies digestives, du tube digestif, gastro-instestinales (mineurs) | ABB2: Maladies digestives, du tube digestif, gastro-instestinales (total) | ABC2: Maladies auto-immunes (lupus …) (femmes) | ABD2: Maladies auto-immunes (lupus …) (hommes ) | ABE2: Maladies auto-immunes (lupus …) (transgenres) | ABF2: Maladies auto-immunes (lupus …) (mineurs) | ABG2: Maladies auto-immunes (lupus …) (total) | ABH2: Maladie hématologiques (femmes) | ABI2: Maladie hématologiques (hommes ) | ABJ2: Maladie hématologiques (transgenres) | ABK2: Maladie hématologiques (mineurs) | ABL2: Maladie hématologiques (total) | ABM2: Maladies dermatologiques (psiorasis…) (femmes) | ABN2: Maladies dermatologiques (psiorasis…) (hommes ) | ABO2: Maladies dermatologiques (psiorasis…) (transgenres) | ABP2: Maladies dermatologiques (psiorasis…) (mineurs) | ABQ2: Maladies dermatologiques (psiorasis…) (total) | ABR2: Maladies génétiques, maladies orphelines, maladies rares (myopathie, mucoviscidose …) (femmes) | ABS2: Maladies génétiques, maladies orphelines, maladies rares (myopathie, mucoviscidose …) (hommes ) | ABT2: Maladies génétiques, maladies orphelines, maladies rares (myopathie, mucoviscidose …) (transgenres) | ABU2: Maladies génétiques, maladies orphelines, maladies rares (myopathie, mucoviscidose …) (mineurs) | ABV2: Maladies génétiques, maladies orphelines, maladies rares (myopathie, mucoviscidose …) (total) | ABW2: Autre 1 | ABX2: Autre 1 (femmes) | ABY2: Autre 1 (hommes ) | ABZ2: Autre 1 (transgenres) | ACA2: Autre 1 (mineurs) | ACB2: Autre 1 (total) | ACC2: Autre 2 | ACD2: Autre 2 (femmes) | ACE2: Autre 2 (hommes ) | ACF2: Autre 2 (transgenres) | ACG2: Autre 2 (mineurs) | ACH2: Autre 2 (total) | ACI2: Autre 3 | ACJ2: Autre 3 (femmes) | ACK2: Autre 3 (hommes ) | ACL2: Autre 3 (transgenres) | ACM2: Autre 3 (mineurs) | ACN2: Autre 3 (total) | ACO2: Autre 4 | ACP2: Autre 4 (femmes) | ACQ2: Autre 4 (hommes ) | ACR2: Autre 4 (transgenres) | ACS2: Autre 4 (mineurs) | ACT2: Autre 4 (total) | ACU2: Autre 5 | ACV2: Autre 5 (femmes) | ACW2: Autre 5 (hommes ) | ACX2: Autre 5 (transgenres) | ACY2: Autre 5 (mineurs) | ACZ2: Autre 5 (total) | ADA2: TOTAL (femmes) | ADB2: TOTAL (hommes ) | ADC2: TOTAL (transgenres) | ADD2: TOTAL (mineurs) | ADE2: TOTAL (total) | ADF2: Ne sait pas /ou non renseigné (femmes) | ADG2: Ne sait pas /ou non renseigné (hommes ) | ADH2: Ne sait pas /ou non renseigné (transgenres) | ADI2: Ne sait pas /ou non renseigné (mineurs) | ADJ2: Ne sait pas /ou non renseigné (total) | ADK2: Nombre de résidents présents avec au moins une co-morbidité | ADL2: Comorbilité VIH (femmes) | ADM2: Comorbilité VIH (hommes ) | ADN2: Comorbilité VIH (transgenres) | ADO2: Comorbilité VIH (mineurs) | ADP2: Comorbilité VIH (total) | ADQ2: Comorbilité Hépatite B (femmes) | ADR2: Comorbilité Hépatite B (hommes ) | ADS2: Comorbilité Hépatite B (transgenres) | ADT2: Comorbilité Hépatite B (mineurs) | ADU2: Comorbilité Hépatite B (total) | ADV2: Comorbilité Hépatite C (femmes) | ADW2: Comorbilité Hépatite C (hommes ) | ADX2: Comorbilité Hépatite C (transgenres) | ADY2: Comorbilité Hépatite C (mineurs) | ADZ2: Comorbilité Hépatite C (total) | AEA2: Comorbilité Cancer (femmes) | AEB2: Comorbilité Cancer (hommes ) | AEC2: Comorbilité Cancer (transgenres) | AED2: Comorbilité Cancer (mineurs) | AEE2: Comorbilité Cancer (total) | AEF2: Comorbilité Diabète (femmes) | AEG2: Comorbilité Diabète (hommes ) | AEH2: Comorbilité Diabète (transgenres) | AEI2: Comorbilité Diabète (mineurs) | AEJ2: Comorbilité Diabète (total) | AEK2: Comorbilité Insuffisance rénale chronique (femmes) | AEL2: Comorbilité Insuffisance rénale chronique (hommes ) | AEM2: Comorbilité Insuffisance rénale chronique (transgenres) | AEN2: Comorbilité Insuffisance rénale chronique (mineurs) | AEO2: Comorbilité Insuffisance rénale chronique (total) | AEP2: Comorbilité Maladie cardio-vasculaire (femmes) | AEQ2: Comorbilité Maladie cardio-vasculaire (hommes ) | AER2: Comorbilité Maladie cardio-vasculaire (transgenres) | AES2: Comorbilité Maladie cardio-vasculaire (mineurs) | AET2: Comorbilité Maladie cardio-vasculaire (total) | AEU2: Comorbilité Troubles neurocognitifs (ex : séquelles d'AVC…) (femmes) | AEV2: Comorbilité Troubles neurocognitifs (ex : séquelles d'AVC…) (hommes ) | AEW2: Comorbilité Troubles neurocognitifs (ex : séquelles d'AVC…) (transgenres) | AEX2: Comorbilité Troubles neurocognitifs (ex : séquelles d'AVC…) (mineurs) | AEY2: Comorbilité Troubles neurocognitifs (ex : séquelles d'AVC…) (total) | AEZ2: Comorbilité Maladie neurologique dégénérative (ex : sclérose en plaques, sclérose latérale amyotrophique, Parkinson..) (femmes) | AFA2: Comorbilité Maladie neurologique dégénérative (ex : sclérose en plaques, sclérose latérale amyotrophique, Parkinson..) (hommes ) | AFB2: Comorbilité Maladie neurologique dégénérative (ex : sclérose en plaques, sclérose latérale amyotrophique, Parkinson..) (transgenres) | AFC2: Comorbilité Maladie neurologique dégénérative (ex : sclérose en plaques, sclérose latérale amyotrophique, Parkinson..) (mineurs) | AFD2: Comorbilité Maladie neurologique dégénérative (ex : sclérose en plaques, sclérose latérale amyotrophique, Parkinson..) (total) | AFE2: Comorbilité Troubles psychiatriques associés à la pathologie principale et impactant la prise en charge globale (femmes) | AFF2: Comorbilité Troubles psychiatriques associés à la pathologie principale et impactant la prise en charge globale (hommes ) | AFG2: Comorbilité Troubles psychiatriques associés à la pathologie principale et impactant la prise en charge globale (transgenres) | AFH2: Comorbilité Troubles psychiatriques associés à la pathologie principale et impactant la prise en charge globale (mineurs) | AFI2: Comorbilité Troubles psychiatriques associés à la pathologie principale et impactant la prise en charge globale (total) | AFJ2: Comorbilité Pathologie pulmonaire chronique (femmes) | AFK2: Comorbilité Pathologie pulmonaire chronique (hommes ) | AFL2: Comorbilité Pathologie pulmonaire chronique (transgenres) | AFM2: Comorbilité Pathologie pulmonaire chronique (mineurs) | AFN2: Comorbilité Pathologie pulmonaire chronique (total) | AFO2: Comorbilité Addiction (avec ou sans traitement de substitution) (femmes) | AFP2: Comorbilité Addiction (avec ou sans traitement de substitution) (hommes ) | AFQ2: Comorbilité Addiction (avec ou sans traitement de substitution) (transgenres) | AFR2: Comorbilité Addiction (avec ou sans traitement de substitution) (mineurs) | AFS2: Comorbilité Addiction (avec ou sans traitement de substitution) (total) | AFT2: Comorbilité Obésité (femmes) | AFU2: Comorbilité Obésité (hommes ) | AFV2: Comorbilité Obésité (transgenres) | AFW2: Comorbilité Obésité (mineurs) | AFX2: Comorbilité Obésité (total) | AFY2: Comorbilité handicap moyeur/physique, cécité (femmes) | AFZ2: Comorbilité handicap moyeur/physique, cécité (hommes ) | AGA2: Comorbilité handicap moyeur/physique, cécité (transgenres) | AGB2: Comorbilité handicap moyeur/physique, cécité (mineurs) | AGC2: Comorbilité handicap moyeur/physique, cécité (total) | AGD2: Comorbilité Lupus (femmes) | AGE2: Comorbilité Lupus (hommes ) | AGF2: Comorbilité Lupus (transgenres) | AGG2: Comorbilité Lupus (mineurs) | AGH2: Comorbilité Lupus (total) | AGI2: Comorbilité Drépanocytose (femmes) | AGJ2: Comorbilité Drépanocytose (hommes ) | AGK2: Comorbilité Drépanocytose (transgenres) | AGL2: Comorbilité Drépanocytose (mineurs) | AGM2: Comorbilité Drépanocytose (total) | AGN2: Comorbilité Autre 1 | AGO2: Comorbilité Autre 1 (femmes) | AGP2: Comorbilité Autre 1 (hommes ) | AGQ2: Comorbilité Autre 1 (transgenres) | AGR2: Comorbilité Autre 1 (mineurs) | AGS2: Comorbilité Autre 1 (total) | AGT2: Comorbilité Autre 2 | AGU2: Comorbilité Autre 2 (femmes) | AGV2: Comorbilité Autre 2 (hommes ) | AGW2: Comorbilité Autre 2 (transgenres) | AGX2: Comorbilité Autre 2 (mineurs) | AGY2: Comorbilité Autre 2 (total) | AGZ2: Comorbilité Autre 3 | AHA2: Comorbilité Autre 3 (femmes) | AHB2: Comorbilité Autre 3 (hommes ) | AHC2: Comorbilité Autre 3 (transgenres) | AHD2: Comorbilité Autre 3 (mineurs) | AHE2: Comorbilité Autre 3 (total) | AHF2: Comorbilité Autre 4 | AHG2: Comorbilité Autre 4 (femmes) | AHH2: Comorbilité Autre 4 (hommes ) | AHI2: Comorbilité Autre 4 (transgenres) | AHJ2: Comorbilité Autre 4 (mineurs) | AHK2: Comorbilité Autre 4 (total) | AHL2: Comorbilité Autre 5 | AHM2: Comorbilité Autre 5 (femmes) | AHN2: Comorbilité Autre 5 (hommes ) | AHO2: Comorbilité Autre 5 (transgenres) | AHP2: Comorbilité Autre 5 (mineurs) | AHQ2: Comorbilité Autre 5 (total) | AHR2: TOTAL (femmes) | AHS2: TOTAL (hommes ) | AHT2: TOTAL (transgenres) | AHU2: TOTAL (mineurs) | AHV2: TOTAL (total) | AHW2: Ne sait pas /ou non renseigné (femmes) | AHX2: Ne sait pas /ou non renseigné (hommes ) | AHY2: Ne sait pas /ou non renseigné (transgenres) | AHZ2: Ne sait pas /ou non renseigné (mineurs) | AIA2: Ne sait pas /ou non renseigné (total) | AIB2: Usage à risque ou nocif de substances psychoactives* - (hors alcool et hors tabac) | AIC2: Usage à risque ou nocif d' alcool | AID2: Traitement de substitution aux opiacés | AIE2: Commentaire | AIF2: Nombre de personne reçues dans l'année avec un handicap reconnu par la MDPH | AIG2: Commentaire | AIH2: Logement autonome avec bail direct | AII2: Logement autonome avec bail glissant ou logement accompagné (ex: résidences sociales/pension de famille, intermédiation locative...) | AIJ2: Hébergement provisoire ou précaire (chez des proches, en hôtel, hébergement d'urgence) | AIK2: Dispositif social d'hébergement (CHRS) | AIL2: Autre ACT | AIM2: Structure médico-sociale spécialisée en addictologie | AIN2: Structure médico-sociale pour personnes handicapées | AIO2: Structure médico-sociale pour personnes âgées | AIP2: Hôpital psychiatrique | AIQ2: Etablissement de santé (hôpital, SSR, USLD) | AIR2: Etablissement pénitentiaire | AIS2: Autre 1 | AIT2: Autre 1 | AIU2: Autre 2 | AIV2: Autre 2 | AIW2: Autre 3 | AIX2: Autre 3 | AIY2: Autre 4 | AIZ2: Autre 4 | AJA2: Autre 5 | AJB2: Autre 5 | AJC2: TOTAL (Hors non renseigné) | AJD2: Ne sait pas / non renseigné | AJE2: Décès | AJF2: Rupture à l'initiative du résident | AJG2: Exclusion 1 | AJH2: Exclusion 1 | AJI2: Exclusion 2 | AJJ2: Exclusion 2 | AJK2: Exclusion 3 | AJL2: Exclusion 3 | AJM2: Exclusion 4 | AJN2: Exclusion 4 | AJO2: Commentaire | AJP2: Nombre de résidents présents (période totale si allers-retours) moins de 6 mois | AJQ2: Nombre de résidents présents (période totale si allers-retours) de 6 à 12 mois | AJR2: Nombre de résidents présents (période totale si allers-retours) de 12 à 18 mois | AJS2: Nombre de résidents présents (période totale si allers-retours) de 18 à 24 mois | AJT2: Nombre de résidents présents (période totale si allers-retours) plus de 24 mois | AJU2: Nombre de personnes sorties moins de 6 mois | AJV2: Nombre de personnes sorties de 6 à 12 mois | AJW2: Nombre de personnes sorties de 12 à 18 mois | AJX2: Nombre de personnes sorties de 18 à 24 mois | AJY2: Nombre de personnes sorties plus de 24 mois | AJZ2: Durée moyenne de séjour des personnes sorties | AKA2: Taux d'occupation | AKB2: Commentaire | AKC2: Commentaires sur l'ensemble du rapport : | AKD2: Observations / remarques / difficultes rencontrées pour le recueil de donnees:
A3: =FORMULAIRE!E3 -> 0 | B3: =FORMULAIRE!E4 -> 0 | C3: =FORMULAIRE!E5 -> 2021 | D3: =FORMULAIRE!E12 -> 0 | E3: =FORMULAIRE!E13 -> 0 | F3: =FORMULAIRE!E15 -> 0 | G3: =FORMULAIRE!E16 -> 0 | H3: =FORMULAIRE!E17 -> 0 | I3: =FORMULAIRE!E19 -> 0 | J3: =FORMULAIRE!E20 -> 0 | K3: =FORMULAIRE!E21 -> 0 | L3: =FORMULAIRE!E23 -> 0 | M3: =FORMULAIRE!E24 -> 0 | N3: =FORMULAIRE!E25 -> 0 | O3: =FORMULAIRE!E29 -> 0 | P3: =FORMULAIRE!E31 -> 0 | Q3: =FORMULAIRE!E33 -> 0 | R3: =FORMULAIRE!E35 -> 0 | S3: =FORMULAIRE!E36 -> 0 | T3: =FORMULAIRE!E37 -> 0 | U3: =FORMULAIRE!E39 -> 0 | V3: =FORMULAIRE!E40 -> 0 | W3: =FORMULAIRE!E41 -> 0 | X3: =FORMULAIRE!E46 -> 0 | Y3: =FORMULAIRE!F46 -> 0 | Z3: =FORMULAIRE!E47 -> 0 | AA3: =FORMULAIRE!F47 -> 0 | AB3: =FORMULAIRE!E48 -> 0 | AC3: =FORMULAIRE!F48 -> 0 | AD3: =FORMULAIRE!E49 -> 0 | AE3: =FORMULAIRE!F49 -> 0 | AF3: =FORMULAIRE!E50 -> 0 | AG3: =FORMULAIRE!F50 -> 0 | AH3: =FORMULAIRE!E51 -> 0 | AI3: =FORMULAIRE!F51 -> 0 | AJ3: =FORMULAIRE!E52 -> 0 | AK3: =FORMULAIRE!F52 -> 0 | AL3: =FORMULAIRE!E53 -> 0 | AM3: =FORMULAIRE!F53 -> 0 | AN3: =FORMULAIRE!E54 -> 0 | AO3: =FORMULAIRE!F54 -> 0 | AP3: =FORMULAIRE!E55 -> 0 | AQ3: =FORMULAIRE!F55 -> 0 | AR3: =FORMULAIRE!E56 -> 0 | AS3: =FORMULAIRE!F56 -> 0 | AT3: =FORMULAIRE!E57 -> 0 | AU3: =FORMULAIRE!F57 -> 0 | AV3: =FORMULAIRE!E61 -> 0 | AW3: =FORMULAIRE!E62 -> 0 | AX3: =FORMULAIRE!E68 -> 0 | AY3: =FORMULAIRE!E69 -> 0 | AZ3: =FORMULAIRE!E70 -> 0 | BA3: =FORMULAIRE!E74 -> 0 | BB3: =FORMULAIRE!E75 -> 0 | BC3: =FORMULAIRE!E79 -> 0 | BD3: =FORMULAIRE!E80 -> 0 | BE3: =FORMULAIRE!E82 -> 0 | BF3: =FORMULAIRE!E83 -> 0 | BG3: =FORMULAIRE!D88 -> 0 | BH3: =FORMULAIRE!E88 -> 0 | BI3: =FORMULAIRE!F88 -> 0 | BJ3: =FORMULAIRE!H88 -> 0 | BK3: =FORMULAIRE!D89 -> 0 | BL3: =FORMULAIRE!E89 -> 0 | BM3: =FORMULAIRE!F89 -> 0 | BN3: =FORMULAIRE!H89 -> 0 | BO3: =FORMULAIRE!D90 -> 0 | BP3: =FORMULAIRE!E90 -> 0 | BQ3: =FORMULAIRE!F90 -> 0 | BR3: =FORMULAIRE!H90 -> 0 | BS3: =FORMULAIRE!D91 -> 0 | BT3: =FORMULAIRE!E91 -> 0 | BU3: =FORMULAIRE!F91 -> 0 | BV3: =FORMULAIRE!H91 -> 0 | BW3: =FORMULAIRE!D92 -> 0 | BX3: =FORMULAIRE!E92 -> 0 | BY3: =FORMULAIRE!F92 -> 0 | BZ3: =FORMULAIRE!H92 -> 0 | CA3: =FORMULAIRE!D93 -> 0 | CB3: =FORMULAIRE!E93 -> 0 | CC3: =FORMULAIRE!F93 -> 0 | CD3: =FORMULAIRE!H93 -> 0 | CE3: =FORMULAIRE!D94 -> 0 | CF3: =FORMULAIRE!E94 -> 0 | CG3: =FORMULAIRE!F94 -> 0 | CH3: =FORMULAIRE!H94 -> 0 | CI3: =FORMULAIRE!D95 -> 0 | CJ3: =FORMULAIRE!E95 -> 0 | CK3: =FORMULAIRE!F95 -> 0 | CL3: =FORMULAIRE!H95 -> 0 | CM3: =FORMULAIRE!C97 -> 0 | CN3: =FORMULAIRE!D97 -> 0 | CO3: =FORMULAIRE!E97 -> 0 | CP3: =FORMULAIRE!F97 -> 0 | CQ3: =FORMULAIRE!H97 -> 0 | CR3: =FORMULAIRE!C98 -> 0 | CS3: =FORMULAIRE!D98 -> 0 | CT3: =FORMULAIRE!E98 -> 0 | CU3: =FORMULAIRE!F98 -> 0 | CV3: =FORMULAIRE!H98 -> 0 | CW3: =FORMULAIRE!C99 -> 0 | CX3: =FORMULAIRE!D99 -> 0 | CY3: =FORMULAIRE!E99 -> 0 | CZ3: =FORMULAIRE!F99 -> 0 | DA3: =FORMULAIRE!H99 -> 0 | DB3: =FORMULAIRE!E100 -> 0 | DC3: =FORMULAIRE!C103 -> 0 | DD3: =FORMULAIRE!E108 -> 0 | DE3: =FORMULAIRE!E109 -> 0 | DF3: =FORMULAIRE!E110 -> 0 | DG3: =FORMULAIRE!E111 -> 0 | DH3: =FORMULAIRE!E114 -> 0 | DI3: =FORMULAIRE!E115 -> 0 | DJ3: =FORMULAIRE!E118 -> 0 | DK3: =FORMULAIRE!E119 -> 0 | DL3: =FORMULAIRE!E120 -> 0 | DM3: =FORMULAIRE!E121 -> 0 | DN3: =FORMULAIRE!E123 -> 0 | DO3: =FORMULAIRE!E124 -> 0 | DP3: =FORMULAIRE!C127 -> 0 | DQ3: =FORMULAIRE!E131 -> 0 | DR3: =FORMULAIRE!E134 -> 0 | DS3: =FORMULAIRE!F134 -> 0 | DT3: =FORMULAIRE!G134 -> 0 | DU3: =FORMULAIRE!E135 -> 0 | DV3: =FORMULAIRE!F135 -> 0 | DW3: =FORMULAIRE!G135 -> 0 | DX3: =FORMULAIRE!E136 -> 0 | DY3: =FORMULAIRE!F136 -> 0 | DZ3: =FORMULAIRE!G136 -> 0 | EA3: =FORMULAIRE!E137 -> 0 | EB3: =FORMULAIRE!F137 -> 0 | EC3: =FORMULAIRE!G137 -> 0 | ED3: =FORMULAIRE!E138 -> 0 | EE3: =FORMULAIRE!F138 -> 0 | EF3: =FORMULAIRE!G138 -> 0 | EG3: =FORMULAIRE!E139 -> 0 | EH3: =FORMULAIRE!F139 -> 0 | EI3: =FORMULAIRE!G139 -> 0 | EJ3: =FORMULAIRE!E140 -> 0 | EK3: =FORMULAIRE!F140 -> 0 | EL3: =FORMULAIRE!G140 -> 0 | EM3: =FORMULAIRE!E141 -> 0 | EN3: =FORMULAIRE!F141 -> 0 | EO3: =FORMULAIRE!G141 -> 0 | EP3: =FORMULAIRE!E142 -> 0 | EQ3: =FORMULAIRE!F142 -> 0 | ER3: =FORMULAIRE!G142 -> 0 | ES3: =FORMULAIRE!E143 -> 0 | ET3: =FORMULAIRE!F143 -> 0 | EU3: =FORMULAIRE!G143 -> 0 | EV3: =FORMULAIRE!E144 -> 0 | EW3: =FORMULAIRE!F144 -> 0 | EX3: =FORMULAIRE!G144 -> 0 | EY3: =FORMULAIRE!E145 -> 0 | EZ3: =FORMULAIRE!F145 -> 0 | FA3: =FORMULAIRE!G145 -> 0 | FB3: =FORMULAIRE!E146 -> 0 | FC3: =FORMULAIRE!F146 -> 0 | FD3: =FORMULAIRE!G146 -> 0 | FE3: =FORMULAIRE!E147 -> 0 | FF3: =FORMULAIRE!F147 -> 0 | FG3: =FORMULAIRE!G147 -> 0 | FH3: =FORMULAIRE!E148 -> 0 | FI3: =FORMULAIRE!F148 -> 0 | FJ3: =FORMULAIRE!G148 -> 0 | FK3: =FORMULAIRE!E149 -> 0 | FL3: =FORMULAIRE!F149 -> 0 | FM3: =FORMULAIRE!G148 -> 0 | FN3: =FORMULAIRE!E150 -> 0 | FO3: =FORMULAIRE!F150 -> 0 | FP3: =FORMULAIRE!G150 -> 0 | FQ3: =FORMULAIRE!C152 -> 0 | FR3: =FORMULAIRE!D152 -> 0 | FS3: =FORMULAIRE!E152 -> 0 | FT3: =FORMULAIRE!G152 -> 0 | FU3: =FORMULAIRE!C153 -> 0 | FV3: =FORMULAIRE!D153 -> 0 | FW3: =FORMULAIRE!E153 -> 0 | FX3: =FORMULAIRE!G153 -> 0 | FY3: =FORMULAIRE!C154 -> 0 | FZ3: =FORMULAIRE!D154 -> 0 | GA3: =FORMULAIRE!E154 -> 0 | GB3: =FORMULAIRE!G154 -> 0 | GC3: =FORMULAIRE!E155 -> 0 | GD3: =FORMULAIRE!F155 -> 0 | GE3: =FORMULAIRE!G155 -> 0 | GF3: =FORMULAIRE!E156 -> 0 | GG3: =FORMULAIRE!F156 -> 0 | GH3: =FORMULAIRE!G156 -> 0 | GI3: =FORMULAIRE!E157 -> 0 | GJ3: =FORMULAIRE!F157 -> 0 | GK3: =FORMULAIRE!G157 -> 0 | GL3: =FORMULAIRE!E158 -> 0 | GM3: =FORMULAIRE!F158 -> 0 | GN3: =FORMULAIRE!G158 -> 0 | GO3: =FORMULAIRE!E162 -> 0 | GP3: =FORMULAIRE!F162 -> 0 | GQ3: =FORMULAIRE!E163 -> 0 | GR3: =FORMULAIRE!F163 -> 0 | GS3: =FORMULAIRE!F164 -> 0 | GT3: =FORMULAIRE!C167 -> 0 | GU3: =FORMULAIRE!E174 -> 0 | GV3: =FORMULAIRE!F174 -> 0 | GW3: =FORMULAIRE!G174 -> 0 | GX3: =FORMULAIRE!H174 -> 0 | GY3: =FORMULAIRE!I174 -> 0 | GZ3: =FORMULAIRE!E175 -> 0 | HA3: =FORMULAIRE!F175 -> 0 | HB3: =FORMULAIRE!G175 -> 0 | HC3: =FORMULAIRE!H175 -> 0 | HD3: =FORMULAIRE!I175 -> 0 | HE3: =FORMULAIRE!E177 -> 0 | HF3: =FORMULAIRE!F177 -> 0 | HG3: =FORMULAIRE!G177 -> 0 | HH3: =FORMULAIRE!H177 -> 0 | HI3: =FORMULAIRE!I177 -> 0 | HJ3: =FORMULAIRE!E180 -> 0 | HK3: =FORMULAIRE!F180 -> 0 | HL3: =FORMULAIRE!G180 -> 0 | HM3: =FORMULAIRE!E181 -> 0 | HN3: =FORMULAIRE!F181 -> 0 | HO3: =FORMULAIRE!G181 -> 0 | HP3: =FORMULAIRE!E183 -> 0 | HQ3: =FORMULAIRE!E184 -> 0 | HR3: =FORMULAIRE!E185 -> 0 | HS3: =FORMULAIRE!E186 -> 0 | HT3: =FORMULAIRE!C189 -> 0 | HU3: =FORMULAIRE!E196 -> 0 | HV3: =FORMULAIRE!E197 -> 0 | HW3: =FORMULAIRE!E198 -> 0 | HX3: =FORMULAIRE!E203 -> 0 | HY3: =FORMULAIRE!E205 -> 0 | HZ3: =FORMULAIRE!E207 -> 0 | IA3: =FORMULAIRE!E209 -> 0 | IB3: =FORMULAIRE!E211 -> 0 | IC3: =FORMULAIRE!E212 -> 0 | ID3: =FORMULAIRE!E213 -> 0 | IE3: =FORMULAIRE!C216 -> 0 | IF3: =FORMULAIRE!E223 -> 0 | IG3: =FORMULAIRE!G223 -> 0 | IH3: =FORMULAIRE!E224 -> 0 | II3: =FORMULAIRE!G224 -> 0 | IJ3: =FORMULAIRE!E225 -> 0 | IK3: =FORMULAIRE!G225 -> 0 | IL3: =FORMULAIRE!E226 -> 0 | IM3: =FORMULAIRE!G226 -> 0 | IN3: =FORMULAIRE!E227 -> 0 | IO3: =FORMULAIRE!G227 -> 0 | IP3: =FORMULAIRE!E228 -> 0 | IQ3: =FORMULAIRE!G228 -> 0 | IR3: =FORMULAIRE!E229 -> 0 | IS3: =FORMULAIRE!G229 -> 0 | IT3: =FORMULAIRE!C231 -> 0 | IU3: =FORMULAIRE!E231 -> 0 | IV3: =FORMULAIRE!G231 -> 0 | IW3: =FORMULAIRE!C233 -> 0 | IX3: =FORMULAIRE!E233 -> 0 | IY3: =FORMULAIRE!G233 -> 0 | IZ3: =FORMULAIRE!E234 -> 0 | JA3: =FORMULAIRE!G234 -> 0 | JB3: =FORMULAIRE!E235 -> 0 | JC3: =FORMULAIRE!G235 -> 0 | JD3: =FORMULAIRE!E241 -> 0 | JE3: =FORMULAIRE!G241 -> 0 | JF3: =FORMULAIRE!E242 -> 0 | JG3: =FORMULAIRE!G242 -> 0 | JH3: =FORMULAIRE!E243 -> 0 | JI3: =FORMULAIRE!G243 -> 0 | JJ3: =FORMULAIRE!E244 -> 0 | JK3: =FORMULAIRE!G244 -> 0 | JL3: =FORMULAIRE!E245 -> 0 | JM3: =FORMULAIRE!G245 -> 0 | JN3: =FORMULAIRE!E246 -> 0 | JO3: =FORMULAIRE!G246 -> 0 | JP3: =FORMULAIRE!E247 -> 0 | JQ3: =FORMULAIRE!G247 -> 0 | JR3: =FORMULAIRE!E251 -> 0 | JS3: =FORMULAIRE!G251 -> 0 | JT3: =FORMULAIRE!E252 -> 0 | JU3: =FORMULAIRE!G252 -> 0 | JV3: =FORMULAIRE!E253 -> 0 | JW3: =FORMULAIRE!G253 -> 0 | JX3: =FORMULAIRE!E254 -> 0 | JY3: =FORMULAIRE!G254 -> 0 | JZ3: =FORMULAIRE!E255 -> 0 | KA3: =FORMULAIRE!G255 -> 0 | KB3: =FORMULAIRE!E258 -> 0 | KC3: =FORMULAIRE!F258 -> 0 | KD3: =FORMULAIRE!E259 -> 0 | KE3: =FORMULAIRE!F259 -> 0 | KF3: =FORMULAIRE!E260 -> 0 | KG3: =FORMULAIRE!F260 -> 0 | KH3: =FORMULAIRE!E261 -> 0 | KI3: =FORMULAIRE!F261 -> 0 | KJ3: =FORMULAIRE!E268 -> 0 | KK3: =FORMULAIRE!G268 -> 0 | KL3: =FORMULAIRE!E269 -> 0 | KM3: =FORMULAIRE!G269 -> 0 | KN3: =FORMULAIRE!E270 -> 0 | KO3: =FORMULAIRE!G270 -> 0 | KP3: =FORMULAIRE!E271 -> 0 | KQ3: =FORMULAIRE!G271 -> 0 | KR3: =FORMULAIRE!E272 -> 0 | KS3: =FORMULAIRE!G272 -> 0 | KT3: =FORMULAIRE!E273 -> 0 | KU3: =FORMULAIRE!G273 -> 0 | KV3: =FORMULAIRE!E274 -> 0 | KW3: =FORMULAIRE!G274 -> 0 | KX3: =FORMULAIRE!E275 -> 0 | KY3: =FORMULAIRE!G275 -> 0 | KZ3: =FORMULAIRE!E276 -> 0 | LA3: =FORMULAIRE!G276 -> 0 | LB3: =FORMULAIRE!E277 -> 0 | LC3: =FORMULAIRE!G277 -> 0 | LD3: =FORMULAIRE!C279 -> 0 | LE3: =FORMULAIRE!E279 -> 0 | LF3: =FORMULAIRE!G279 -> 0 | LG3: =FORMULAIRE!C280 -> 0 | LH3: =FORMULAIRE!E280 -> 0 | LI3: =FORMULAIRE!G280 -> 0 | LJ3: =FORMULAIRE!C281 -> 0 | LK3: =FORMULAIRE!E281 -> 0 | LL3: =FORMULAIRE!G281 -> 0 | LM3: =FORMULAIRE!C282 -> 0 | LN3: =FORMULAIRE!E282 -> 0 | LO3: =FORMULAIRE!G282 -> 0 | LP3: =FORMULAIRE!E283 -> 0 | LQ3: =FORMULAIRE!G283 -> 0 | LR3: =FORMULAIRE!E284 -> 0 | LS3: =FORMULAIRE!G284 -> 0 | LT3: =FORMULAIRE!E291 -> 0 | LU3: =FORMULAIRE!G291 -> 0 | LV3: =FORMULAIRE!E292 -> 0 | LW3: =FORMULAIRE!G292 -> 0 | LX3: =FORMULAIRE!E293 -> 0 | LY3: =FORMULAIRE!G293 -> 0 | LZ3: =FORMULAIRE!E294 -> 0 | MA3: =FORMULAIRE!G294 -> 0 | MB3: =FORMULAIRE!E295 -> 0 | MC3: =FORMULAIRE!G295 -> 0 | MD3: =FORMULAIRE!E296 -> 0 | ME3: =FORMULAIRE!G296 -> 0 | MF3: =FORMULAIRE!E297 -> 0 | MG3: =FORMULAIRE!G297 -> 0 | MH3: =FORMULAIRE!E298 -> 0 | MI3: =FORMULAIRE!G298 -> 0 | MJ3: =FORMULAIRE!E299 -> 0 | MK3: =FORMULAIRE!G299 -> 0 | ML3: =FORMULAIRE!E300 -> 0 | MM3: =FORMULAIRE!G300 -> 0 | MN3: =FORMULAIRE!C302 -> 0 | MO3: =FORMULAIRE!E302 -> 0 | MP3: =FORMULAIRE!G302 -> 0 | MQ3: =FORMULAIRE!C303 -> 0 | MR3: =FORMULAIRE!E303 -> 0 | MS3: =FORMULAIRE!G303 -> 0 | MT3: =FORMULAIRE!C304 -> 0 | MU3: =FORMULAIRE!E304 -> 0 | MV3: =FORMULAIRE!G304 -> 0 | MW3: =FORMULAIRE!C305 -> 0 | MX3: =FORMULAIRE!E305 -> 0 | MY3: =FORMULAIRE!G305 -> 0 | MZ3: =FORMULAIRE!E306 -> 0 | NA3: =FORMULAIRE!G306 -> 0 | NB3: =FORMULAIRE!E307 -> 0 | NC3: =FORMULAIRE!G307 -> 0 | ND3: =FORMULAIRE!E314 -> 0 | NE3: =FORMULAIRE!E320 -> 0 | NF3: =FORMULAIRE!G320 -> 0 | NG3: =FORMULAIRE!E321 -> 0 | NH3: =FORMULAIRE!G321 -> 0 | NI3: =FORMULAIRE!E322 -> 0 | NJ3: =FORMULAIRE!G322 -> 0 | NK3: =FORMULAIRE!E323 -> 0 | NL3: =FORMULAIRE!G323 -> 0 | NM3: =FORMULAIRE!E324 -> 0 | NN3: =FORMULAIRE!G324 -> 0 | NO3: =FORMULAIRE!E325 -> 0 | NP3: =FORMULAIRE!G325 -> 0 | NQ3: =FORMULAIRE!E326 -> 0 | NR3: =FORMULAIRE!G326 -> 0 | NS3: =FORMULAIRE!E327 -> 0 | NT3: =FORMULAIRE!G327 -> 0 | NU3: =FORMULAIRE!C329 -> 0 | NV3: =FORMULAIRE!E329 -> 0 | NW3: =FORMULAIRE!G329 -> 0 | NX3: =FORMULAIRE!C330 -> 0 | NY3: =FORMULAIRE!E330 -> 0 | NZ3: =FORMULAIRE!G330 -> 0 | OA3: =FORMULAIRE!C331 -> 0 | OB3: =FORMULAIRE!E331 -> 0 | OC3: =FORMULAIRE!G331 -> 0 | OD3: =FORMULAIRE!C332 -> 0 | OE3: =FORMULAIRE!E332 -> 0 | OF3: =FORMULAIRE!G332 -> 0 | OG3: =FORMULAIRE!E334 -> 0 | OH3: =FORMULAIRE!E335 -> 0 | OI3: =FORMULAIRE!E337 -> 0 | OJ3: =FORMULAIRE!E338 -> 0 | OK3: =FORMULAIRE!E342 -> 0 | OL3: =FORMULAIRE!E343 -> 0 | OM3: =FORMULAIRE!E347 -> 0 | ON3: =FORMULAIRE!F347 -> 0 | OO3: =FORMULAIRE!G347 -> 0 | OP3: =FORMULAIRE!E349 -> 0 | OQ3: =FORMULAIRE!E354 -> 0 | OR3: =FORMULAIRE!E355 -> 0 | OS3: =FORMULAIRE!E356 -> 0 | OT3: =FORMULAIRE!E357 -> 0 | OU3: =FORMULAIRE!E358 -> 0 | OV3: =FORMULAIRE!E359 -> 0 | OW3: =FORMULAIRE!D361 -> 0 | OX3: =FORMULAIRE!E361 -> 0 | OY3: =FORMULAIRE!D362 -> 0 | OZ3: =FORMULAIRE!E362 -> 0 | PA3: =FORMULAIRE!D363 -> 0 | PB3: =FORMULAIRE!E363 -> 0 | PC3: =FORMULAIRE!E364 -> 0 | PD3: =FORMULAIRE!E365 -> 0 | PE3: =FORMULAIRE!E366 -> 0 | PF3: =FORMULAIRE!D368 -> 0 | PG3: =FORMULAIRE!E368 -> 0 | PH3: =FORMULAIRE!D369 -> 0 | PI3: =FORMULAIRE!E369 -> 0 | PJ3: =FORMULAIRE!C373 -> 0 | PK3: =FORMULAIRE!C377 -> 0 | PL3: =FORMULAIRE!C380 -> 0 | PM3: =FORMULAIRE!E388 -> 0 | PN3: =FORMULAIRE!F388 -> 0 | PO3: =FORMULAIRE!G388 -> 0 | PP3: =FORMULAIRE!H388 -> 0 | PQ3: =FORMULAIRE!I388 -> 0 | PR3: =FORMULAIRE!E390 -> 0 | PS3: =FORMULAIRE!F390 -> 0 | PT3: =FORMULAIRE!G390 -> 0 | PU3: =FORMULAIRE!H390 -> 0 | PV3: =FORMULAIRE!I390 -> 0 | PW3: =FORMULAIRE!E395 -> 0 | PX3: =FORMULAIRE!F395 -> 0 | PY3: =FORMULAIRE!G395 -> 0 | PZ3: =FORMULAIRE!H395 -> 0 | QA3: =FORMULAIRE!I395 -> 0 | QB3: =FORMULAIRE!E396 -> 0 | QC3: =FORMULAIRE!F396 -> 0 | QD3: =FORMULAIRE!G396 -> 0 | QE3: =FORMULAIRE!H396 -> 0 | QF3: =FORMULAIRE!I396 -> 0 | QG3: =FORMULAIRE!E397 -> 0 | QH3: =FORMULAIRE!F397 -> 0 | QI3: =FORMULAIRE!G397 -> 0 | QJ3: =FORMULAIRE!H397 -> 0 | QK3: =FORMULAIRE!I397 -> 0 | QL3: =FORMULAIRE!E398 -> 0 | QM3: =FORMULAIRE!F398 -> 0 | QN3: =FORMULAIRE!G398 -> 0 | QO3: =FORMULAIRE!H398 -> 0 | QP3: =FORMULAIRE!I398 -> 0 | QQ3: =FORMULAIRE!E399 -> 0 | QR3: =FORMULAIRE!F399 -> 0 | QS3: =FORMULAIRE!G399 -> 0 | QT3: =FORMULAIRE!H399 -> 0 | QU3: =FORMULAIRE!I399 -> 0 | QV3: =FORMULAIRE!E400 -> 0 | QW3: =FORMULAIRE!F400 -> 0 | QX3: =FORMULAIRE!G400 -> 0 | QY3: =FORMULAIRE!H400 -> 0 | QZ3: =FORMULAIRE!I400 -> 0 | RA3: =FORMULAIRE!E401 -> 0 | RB3: =FORMULAIRE!F401 -> 0 | RC3: =FORMULAIRE!G401 -> 0 | RD3: =FORMULAIRE!H401 -> 0 | RE3: =FORMULAIRE!I401 -> 0 | RF3: =FORMULAIRE!E402 -> 0 | RG3: =FORMULAIRE!F402 -> 0 | RH3: =FORMULAIRE!G402 -> 0 | RI3: =FORMULAIRE!H402 -> 0 | RJ3: =FORMULAIRE!I402 -> 0 | RK3: =FORMULAIRE!E403 -> 0 | RL3: =FORMULAIRE!F403 -> 0 | RM3: =FORMULAIRE!G403 -> 0 | RN3: =FORMULAIRE!H403 -> 0 | RO3: =FORMULAIRE!I403 -> 0 | RP3: =FORMULAIRE!E404 -> 0 | RQ3: =FORMULAIRE!F404 -> 0 | RR3: =FORMULAIRE!G404 -> 0 | RS3: =FORMULAIRE!H404 -> 0 | RT3: =FORMULAIRE!I404 -> 0 | RU3: =FORMULAIRE!E405 -> 0 | RV3: =FORMULAIRE!F405 -> 0 | RW3: =FORMULAIRE!G405 -> 0 | RX3: =FORMULAIRE!H405 -> 0 | RY3: =FORMULAIRE!I405 -> 0 | RZ3: =FORMULAIRE!E406 -> 0 | SA3: =FORMULAIRE!F406 -> 0 | SB3: =FORMULAIRE!G406 -> 0 | SC3: =FORMULAIRE!H406 -> 0 | SD3: =FORMULAIRE!I406 -> 0 | SE3: =FORMULAIRE!E407 -> 0 | SF3: =FORMULAIRE!F407 -> 0 | SG3: =FORMULAIRE!G407 -> 0 | SH3: =FORMULAIRE!H407 -> 0 | SI3: =FORMULAIRE!I407 -> 0 | SJ3: =FORMULAIRE!E408 -> 0 | SK3: =FORMULAIRE!F408 -> 0 | SL3: =FORMULAIRE!G408 -> 0 | SM3: =FORMULAIRE!H408 -> 0 | SN3: =FORMULAIRE!I408 -> 0 | SO3: =FORMULAIRE!E409 -> 0 | SP3: =FORMULAIRE!F409 -> 0 | SQ3: =FORMULAIRE!G409 -> 0 | SR3: =FORMULAIRE!H409 -> 0 | SS3: =FORMULAIRE!I409 -> 0 | ST3: =FORMULAIRE!E410 -> 0 | SU3: =FORMULAIRE!F410 -> 0 | SV3: =FORMULAIRE!G410 -> 0 | SW3: =FORMULAIRE!H410 -> 0 | SX3: =FORMULAIRE!I410 -> 0 | SY3: =FORMULAIRE!E411 -> 0 | SZ3: =FORMULAIRE!F411 -> 0 | TA3: =FORMULAIRE!G411 -> 0 | TB3: =FORMULAIRE!H411 -> 0 | TC3: =FORMULAIRE!I411 -> 0 | TD3: =FORMULAIRE!E412 -> 0 | TE3: =FORMULAIRE!F412 -> 0 | TF3: =FORMULAIRE!G412 -> 0 | TG3: =FORMULAIRE!H412 -> 0 | TH3: =FORMULAIRE!I412 -> 0 | TI3: =FORMULAIRE!E413 -> 0 | TJ3: =FORMULAIRE!F413 -> 0 | TK3: =FORMULAIRE!G413 -> 0 | TL3: =FORMULAIRE!H413 -> 0 | TM3: =FORMULAIRE!I413 -> 0 | TN3: =FORMULAIRE!C415 -> 0 | TO3: =FORMULAIRE!E415 -> 0 | TP3: =FORMULAIRE!F415 -> 0 | TQ3: =FORMULAIRE!G415 -> 0 | TR3: =FORMULAIRE!H415 -> 0 | TS3: =FORMULAIRE!I415 -> 0 | TT3: =FORMULAIRE!C416 -> 0 | TU3: =FORMULAIRE!E416 -> 0 | TV3: =FORMULAIRE!F416 -> 0 | TW3: =FORMULAIRE!G416 -> 0 | TX3: =FORMULAIRE!H416 -> 0 | TY3: =FORMULAIRE!I416 -> 0 | TZ3: =FORMULAIRE!C417 -> 0 | UA3: =FORMULAIRE!E417 -> 0 | UB3: =FORMULAIRE!F417 -> 0 | UC3: =FORMULAIRE!G417 -> 0 | UD3: =FORMULAIRE!H417 -> 0 | UE3: =FORMULAIRE!I417 -> 0 | UF3: =FORMULAIRE!C418 -> 0 | UG3: =FORMULAIRE!E418 -> 0 | UH3: =FORMULAIRE!F418 -> 0 | UI3: =FORMULAIRE!G418 -> 0 | UJ3: =FORMULAIRE!H418 -> 0 | UK3: =FORMULAIRE!I418 -> 0 | UL3: =FORMULAIRE!C419 -> 0 | UM3: =FORMULAIRE!E419 -> 0 | UN3: =FORMULAIRE!F419 -> 0 | UO3: =FORMULAIRE!G419 -> 0 | UP3: =FORMULAIRE!H419 -> 0 | UQ3: =FORMULAIRE!I419 -> 0 | UR3: =FORMULAIRE!E420 -> 0 | US3: =FORMULAIRE!F420 -> 0 | UT3: =FORMULAIRE!G420 -> 0 | UU3: =FORMULAIRE!H420 -> 0 | UV3: =FORMULAIRE!I420 -> 0 | UW3: =FORMULAIRE!E421 -> 0 | UX3: =FORMULAIRE!F421 -> 0 | UY3: =FORMULAIRE!G421 -> 0 | UZ3: =FORMULAIRE!H421 -> 0 | VA3: =FORMULAIRE!I421 -> 0 | VB3: =FORMULAIRE!G425 -> 0 | VC3: =FORMULAIRE!G426 -> 0 | VD3: =FORMULAIRE!E432 -> 0 | VE3: =FORMULAIRE!E437 -> 0 | VF3: =FORMULAIRE!E438 -> 0 | VG3: =FORMULAIRE!E439 -> 0 | VH3: =FORMULAIRE!E440 -> 0 | VI3: =FORMULAIRE!E441 -> 0 | VJ3: =FORMULAIRE!E442 -> 0 | VK3: =FORMULAIRE!E443 -> 0 | VL3: =FORMULAIRE!E444 -> 0 | VM3: =FORMULAIRE!E445 -> 0 | VN3: =FORMULAIRE!E446 -> 0 | VO3: =FORMULAIRE!C448 -> 0 | VP3: =FORMULAIRE!E448 -> 0 | VQ3: =FORMULAIRE!C449 -> 0 | VR3: =FORMULAIRE!E449 -> 0 | VS3: =FORMULAIRE!C450 -> 0 | VT3: =FORMULAIRE!E450 -> 0 | VU3: =FORMULAIRE!C451 -> 0 | VV3: =FORMULAIRE!E451 -> 0 | VW3: =FORMULAIRE!C452 -> 0 | VX3: =FORMULAIRE!E452 -> 0 | VY3: =FORMULAIRE!E453 -> 0 | VZ3: =FORMULAIRE!E454 -> 0 | WA3: =FORMULAIRE!F463 -> 0 | WB3: =FORMULAIRE!F464 -> 0 | WC3: =FORMULAIRE!F465 -> 0 | WD3: =FORMULAIRE!F466 -> 0 | WE3: =FORMULAIRE!F467 -> 0 | WF3: =FORMULAIRE!F468 -> 0 | WG3: =FORMULAIRE!F469 -> 0 | WH3: =FORMULAIRE!F470 -> 0 | WI3: =FORMULAIRE!F471 -> 0 | WJ3: =FORMULAIRE!F472 -> 0 | WK3: =FORMULAIRE!F473 -> 0 | WL3: =FORMULAIRE!F474 -> 0 | WM3: =FORMULAIRE!F475 -> 0 | WN3: =FORMULAIRE!F476 -> 0 | WO3: =FORMULAIRE!C478 -> 0 | WP3: =FORMULAIRE!E478 -> 0 | WQ3: =FORMULAIRE!C479 -> 0 | WR3: =FORMULAIRE!E479 -> 0 | WS3: =FORMULAIRE!F480 -> 0 | WT3: =FORMULAIRE!F481 -> 0 | WU3: =FORMULAIRE!C485 -> 0 | WV3: =FORMULAIRE!E492 -> 0 | WW3: =FORMULAIRE!E493 -> 0 | WX3: =FORMULAIRE!E494 -> 0 | WY3: =FORMULAIRE!E495 -> 0 | WZ3: =FORMULAIRE!E496 -> 0 | XA3: =FORMULAIRE!E497 -> 0 | XB3: =FORMULAIRE!E498 -> 0 | XC3: =FORMULAIRE!E499 -> 0 | XD3: =FORMULAIRE!E500 -> 0 | XE3: =FORMULAIRE!E501 -> 0 | XF3: =FORMULAIRE!E502 -> 0 | XG3: =FORMULAIRE!E503 -> 0 | XH3: =FORMULAIRE!E504 -> 0 | XI3: =FORMULAIRE!E510 -> 0 | XJ3: =FORMULAIRE!E511 -> 0 | XK3: =FORMULAIRE!E512 -> 0 | XL3: =FORMULAIRE!E513 -> 0 | XM3: =FORMULAIRE!E514 -> 0 | XN3: =FORMULAIRE!E515 -> 0 | XO3: =FORMULAIRE!E520 -> 0 | XP3: =FORMULAIRE!E521 -> 0 | XQ3: =FORMULAIRE!E522 -> 0 | XR3: =FORMULAIRE!E523 -> 0 | XS3: =FORMULAIRE!E524 -> 0 | XT3: =FORMULAIRE!E529 -> 0 | XU3: =FORMULAIRE!E530 -> 0 | XV3: =FORMULAIRE!E531 -> 0 | XW3: =FORMULAIRE!E532 -> 0 | XX3: =FORMULAIRE!E533 -> 0 | XY3: =FORMULAIRE!E534 -> 0 | XZ3: =FORMULAIRE!E535 -> 0 | YA3: =FORMULAIRE!E536 -> 0 | YB3: =FORMULAIRE!E541 -> 0 | YC3: =FORMULAIRE!E544 -> 0 | YD3: =FORMULAIRE!E545 -> 0 | YE3: =FORMULAIRE!E546 -> 0 | YF3: =FORMULAIRE!E552 -> 0 | YG3: =FORMULAIRE!F552 -> 0 | YH3: =FORMULAIRE!G552 -> 0 | YI3: =FORMULAIRE!H552 -> 0 | YJ3: =FORMULAIRE!I552 -> 0 | YK3: =FORMULAIRE!E553 -> 0 | YL3: =FORMULAIRE!F553 -> 0 | YM3: =FORMULAIRE!G553 -> 0 | YN3: =FORMULAIRE!H553 -> 0 | YO3: =FORMULAIRE!I553 -> 0 | YP3: =FORMULAIRE!E554 -> 0 | YQ3: =FORMULAIRE!F554 -> 0 | YR3: =FORMULAIRE!G554 -> 0 | YS3: =FORMULAIRE!H554 -> 0 | YT3: =FORMULAIRE!I554 -> 0 | YU3: =FORMULAIRE!E555 -> 0 | YV3: =FORMULAIRE!F555 -> 0 | YW3: =FORMULAIRE!G555 -> 0 | YX3: =FORMULAIRE!H555 -> 0 | YY3: =FORMULAIRE!I555 -> 0 | YZ3: =FORMULAIRE!E556 -> 0 | ZA3: =FORMULAIRE!F556 -> 0 | ZB3: =FORMULAIRE!G556 -> 0 | ZC3: =FORMULAIRE!H556 -> 0 | ZD3: =FORMULAIRE!I556 -> 0 | ZE3: =FORMULAIRE!E557 -> 0 | ZF3: =FORMULAIRE!F557 -> 0 | ZG3: =FORMULAIRE!G557 -> 0 | ZH3: =FORMULAIRE!H557 -> 0 | ZI3: =FORMULAIRE!I557 -> 0 | ZJ3: =FORMULAIRE!E558 -> 0 | ZK3: =FORMULAIRE!F558 -> 0 | ZL3: =FORMULAIRE!G558 -> 0 | ZM3: =FORMULAIRE!H558 -> 0 | ZN3: =FORMULAIRE!I558 -> 0 | ZO3: =FORMULAIRE!E559 -> 0 | ZP3: =FORMULAIRE!F559 -> 0 | ZQ3: =FORMULAIRE!G559 -> 0 | ZR3: =FORMULAIRE!H559 -> 0 | ZS3: =FORMULAIRE!I559 -> 0 | ZT3: =FORMULAIRE!E560 -> 0 | ZU3: =FORMULAIRE!F560 -> 0 | ZV3: =FORMULAIRE!G560 -> 0 | ZW3: =FORMULAIRE!H560 -> 0 | ZX3: =FORMULAIRE!I560 -> 0 | ZY3: =FORMULAIRE!E561 -> 0 | ZZ3: =FORMULAIRE!F561 -> 0 | AAA3: =FORMULAIRE!G561 -> 0 | AAB3: =FORMULAIRE!H561 -> 0 | AAC3: =FORMULAIRE!I561 -> 0 | AAD3: =FORMULAIRE!E562 -> 0 | AAE3: =FORMULAIRE!F562 -> 0 | AAF3: =FORMULAIRE!G562 -> 0 | AAG3: =FORMULAIRE!H562 -> 0 | AAH3: =FORMULAIRE!I562 -> 0 | AAI3: =FORMULAIRE!E563 -> 0 | AAJ3: =FORMULAIRE!F563 -> 0 | AAK3: =FORMULAIRE!G563 -> 0 | AAL3: =FORMULAIRE!H563 -> 0 | AAM3: =FORMULAIRE!I563 -> 0 | AAN3: =FORMULAIRE!E564 -> 0 | AAO3: =FORMULAIRE!F564 -> 0 | AAP3: =FORMULAIRE!G564 -> 0 | AAQ3: =FORMULAIRE!H564 -> 0 | AAR3: =FORMULAIRE!I564 -> 0 | AAS3: =FORMULAIRE!E565 -> 0 | AAT3: =FORMULAIRE!F565 -> 0 | AAU3: =FORMULAIRE!G565 -> 0 | AAV3: =FORMULAIRE!H565 -> 0 | AAW3: =FORMULAIRE!I565 -> 0 | AAX3: =FORMULAIRE!E566 -> 0 | AAY3: =FORMULAIRE!F566 -> 0 | AAZ3: =FORMULAIRE!G566 -> 0 | ABA3: =FORMULAIRE!H566 -> 0 | ABB3: =FORMULAIRE!I566 -> 0 | ABC3: =FORMULAIRE!E567 -> 0 | ABD3: =FORMULAIRE!F567 -> 0 | ABE3: =FORMULAIRE!G567 -> 0 | ABF3: =FORMULAIRE!H567 -> 0 | ABG3: =FORMULAIRE!I567 -> 0 | ABH3: =FORMULAIRE!E568 -> 0 | ABI3: =FORMULAIRE!F568 -> 0 | ABJ3: =FORMULAIRE!G568 -> 0 | ABK3: =FORMULAIRE!H568 -> 0 | ABL3: =FORMULAIRE!I568 -> 0 | ABM3: =FORMULAIRE!E569 -> 0 | ABN3: =FORMULAIRE!F569 -> 0 | ABO3: =FORMULAIRE!G569 -> 0 | ABP3: =FORMULAIRE!H569 -> 0 | ABQ3: =FORMULAIRE!I569 -> 0 | ABR3: =FORMULAIRE!E570 -> 0 | ABS3: =FORMULAIRE!F570 -> 0 | ABT3: =FORMULAIRE!G570 -> 0 | ABU3: =FORMULAIRE!H570 -> 0 | ABV3: =FORMULAIRE!I570 -> 0 | ABW3: =FORMULAIRE!C572 -> 0 | ABX3: =FORMULAIRE!E572 -> 0 | ABY3: =FORMULAIRE!F572 -> 0 | ABZ3: =FORMULAIRE!G572 -> 0 | ACA3: =FORMULAIRE!H572 -> 0 | ACB3: =FORMULAIRE!I572 -> 0 | ACC3: =FORMULAIRE!C573 -> 0 | ACD3: =FORMULAIRE!E573 -> 0 | ACE3: =FORMULAIRE!F573 -> 0 | ACF3: =FORMULAIRE!G573 -> 0 | ACG3: =FORMULAIRE!H573 -> 0 | ACH3: =FORMULAIRE!I573 -> 0 | ACI3: =FORMULAIRE!C574 -> 0 | ACJ3: =FORMULAIRE!E574 -> 0 | ACK3: =FORMULAIRE!F574 -> 0 | ACL3: =FORMULAIRE!G574 -> 0 | ACM3: =FORMULAIRE!H574 -> 0 | ACN3: =FORMULAIRE!I574 -> 0 | ACO3: =FORMULAIRE!C575 -> 0 | ACP3: =FORMULAIRE!E575 -> 0 | ACQ3: =FORMULAIRE!F575 -> 0 | ACR3: =FORMULAIRE!G575 -> 0 | ACS3: =FORMULAIRE!H575 -> 0 | ACT3: =FORMULAIRE!I575 -> 0 | ACU3: =FORMULAIRE!C576 -> 0 | ACV3: =FORMULAIRE!E576 -> 0 | ACW3: =FORMULAIRE!F576 -> 0 | ACX3: =FORMULAIRE!G576 -> 0 | ACY3: =FORMULAIRE!H576 -> 0 | ACZ3: =FORMULAIRE!I576 -> 0 | ADA3: =FORMULAIRE!E577 -> 0 | ADB3: =FORMULAIRE!F577 -> 0 | ADC3: =FORMULAIRE!G577 -> 0 | ADD3: =FORMULAIRE!H577 -> 0 | ADE3: =FORMULAIRE!I577 -> 0 | ADF3: =FORMULAIRE!E578 -> 0 | ADG3: =FORMULAIRE!F578 -> 0 | ADH3: =FORMULAIRE!G578 -> 0 | ADI3: =FORMULAIRE!H578 -> 0 | ADJ3: =FORMULAIRE!I578 -> 0 | ADK3: =FORMULAIRE!E584 -> 0 | ADL3: =FORMULAIRE!E591 -> 0 | ADM3: =FORMULAIRE!F591 -> 0 | ADN3: =FORMULAIRE!G591 -> 0 | ADO3: =FORMULAIRE!H591 -> 0 | ADP3: =FORMULAIRE!I591 -> 0 | ADQ3: =FORMULAIRE!E592 -> 0 | ADR3: =FORMULAIRE!F592 -> 0 | ADS3: =FORMULAIRE!G592 -> 0 | ADT3: =FORMULAIRE!H592 -> 0 | ADU3: =FORMULAIRE!I592 -> 0 | ADV3: =FORMULAIRE!E593 -> 0 | ADW3: =FORMULAIRE!F593 -> 0 | ADX3: =FORMULAIRE!G593 -> 0 | ADY3: =FORMULAIRE!H593 -> 0 | ADZ3: =FORMULAIRE!I593 -> 0 | AEA3: =FORMULAIRE!E594 -> 0 | AEB3: =FORMULAIRE!F594 -> 0 | AEC3: =FORMULAIRE!G594 -> 0 | AED3: =FORMULAIRE!H594 -> 0 | AEE3: =FORMULAIRE!I594 -> 0 | AEF3: =FORMULAIRE!E595 -> 0 | AEG3: =FORMULAIRE!F595 -> 0 | AEH3: =FORMULAIRE!G595 -> 0 | AEI3: =FORMULAIRE!H595 -> 0 | AEJ3: =FORMULAIRE!I595 -> 0 | AEK3: =FORMULAIRE!E596 -> 0 | AEL3: =FORMULAIRE!F596 -> 0 | AEM3: =FORMULAIRE!G596 -> 0 | AEN3: =FORMULAIRE!H596 -> 0 | AEO3: =FORMULAIRE!I596 -> 0 | AEP3: =FORMULAIRE!E597 -> 0 | AEQ3: =FORMULAIRE!F597 -> 0 | AER3: =FORMULAIRE!G597 -> 0 | AES3: =FORMULAIRE!H597 -> 0 | AET3: =FORMULAIRE!I597 -> 0 | AEU3: =FORMULAIRE!E598 -> 0 | AEV3: =FORMULAIRE!F598 -> 0 | AEW3: =FORMULAIRE!G598 -> 0 | AEX3: =FORMULAIRE!H598 -> 0 | AEY3: =FORMULAIRE!I598 -> 0 | AEZ3: =FORMULAIRE!E599 -> 0 | AFA3: =FORMULAIRE!F599 -> 0 | AFB3: =FORMULAIRE!G599 -> 0 | AFC3: =FORMULAIRE!H599 -> 0 | AFD3: =FORMULAIRE!I599 -> 0 | AFE3: =FORMULAIRE!E600 -> 0 | AFF3: =FORMULAIRE!F600 -> 0 | AFG3: =FORMULAIRE!G600 -> 0 | AFH3: =FORMULAIRE!H600 -> 0 | AFI3: =FORMULAIRE!I600 -> 0 | AFJ3: =FORMULAIRE!E601 -> 0 | AFK3: =FORMULAIRE!F601 -> 0 | AFL3: =FORMULAIRE!G601 -> 0 | AFM3: =FORMULAIRE!H601 -> 0 | AFN3: =FORMULAIRE!I601 -> 0 | AFO3: =FORMULAIRE!E602 -> 0 | AFP3: =FORMULAIRE!F602 -> 0 | AFQ3: =FORMULAIRE!G602 -> 0 | AFR3: =FORMULAIRE!H602 -> 0 | AFS3: =FORMULAIRE!I602 -> 0 | AFT3: =FORMULAIRE!E603 -> 0 | AFU3: =FORMULAIRE!F603 -> 0 | AFV3: =FORMULAIRE!G603 -> 0 | AFW3: =FORMULAIRE!H603 -> 0 | AFX3: =FORMULAIRE!I603 -> 0 | AFY3: =FORMULAIRE!E604 -> 0 | AFZ3: =FORMULAIRE!F604 -> 0 | AGA3: =FORMULAIRE!G604 -> 0 | AGB3: =FORMULAIRE!H604 -> 0 | AGC3: =FORMULAIRE!I604 -> 0 | AGD3: =FORMULAIRE!E605 -> 0 | AGE3: =FORMULAIRE!F605 -> 0 | AGF3: =FORMULAIRE!G605 -> 0 | AGG3: =FORMULAIRE!H605 -> 0 | AGH3: =FORMULAIRE!I605 -> 0 | AGI3: =FORMULAIRE!E606 -> 0 | AGJ3: =FORMULAIRE!F606 -> 0 | AGK3: =FORMULAIRE!G606 -> 0 | AGL3: =FORMULAIRE!H606 -> 0 | AGM3: =FORMULAIRE!I606 -> 0 | AGN3: =FORMULAIRE!C608 -> 0 | AGO3: =FORMULAIRE!E608 -> 0 | AGP3: =FORMULAIRE!F608 -> 0 | AGQ3: =FORMULAIRE!G608 -> 0 | AGR3: =FORMULAIRE!H608 -> 0 | AGS3: =FORMULAIRE!I608 -> 0 | AGT3: =FORMULAIRE!C609 -> 0 | AGU3: =FORMULAIRE!E609 -> 0 | AGV3: =FORMULAIRE!F609 -> 0 | AGW3: =FORMULAIRE!G609 -> 0 | AGX3: =FORMULAIRE!H609 -> 0 | AGY3: =FORMULAIRE!I609 -> 0 | AGZ3: =FORMULAIRE!C610 -> 0 | AHA3: =FORMULAIRE!E610 -> 0 | AHB3: =FORMULAIRE!F610 -> 0 | AHC3: =FORMULAIRE!G610 -> 0 | AHD3: =FORMULAIRE!H610 -> 0 | AHE3: =FORMULAIRE!I610 -> 0 | AHF3: =FORMULAIRE!C611 -> 0 | AHG3: =FORMULAIRE!E611 -> 0 | AHH3: =FORMULAIRE!F611 -> 0 | AHI3: =FORMULAIRE!G611 -> 0 | AHJ3: =FORMULAIRE!H611 -> 0 | AHK3: =FORMULAIRE!I611 -> 0 | AHL3: =FORMULAIRE!C612 -> 0 | AHM3: =FORMULAIRE!E612 -> 0 | AHN3: =FORMULAIRE!F612 -> 0 | AHO3: =FORMULAIRE!G612 -> 0 | AHP3: =FORMULAIRE!H612 -> 0 | AHQ3: =FORMULAIRE!I612 -> 0 | AHR3: =FORMULAIRE!E613 -> 0 | AHS3: =FORMULAIRE!F613 -> 0 | AHT3: =FORMULAIRE!G613 -> 0 | AHU3: =FORMULAIRE!H613 -> 0 | AHV3: =FORMULAIRE!I613 -> 0 | AHW3: =FORMULAIRE!E614 -> 0 | AHX3: =FORMULAIRE!F614 -> 0 | AHY3: =FORMULAIRE!G614 -> 0 | AHZ3: =FORMULAIRE!H614 -> 0 | AIA3: =FORMULAIRE!I614 -> 0 | AIB3: =FORMULAIRE!E619 -> 0 | AIC3: =FORMULAIRE!E620 -> 0 | AID3: =FORMULAIRE!E621 -> 0 | AIE3: =FORMULAIRE!C626 -> 0 | AIF3: =FORMULAIRE!E630 -> 0 | AIG3: =FORMULAIRE!C633 -> 0 | AIH3: =FORMULAIRE!E644 -> 0 | AII3: =FORMULAIRE!E645 -> 0 | AIJ3: =FORMULAIRE!E646 -> 0 | AIK3: =FORMULAIRE!E647 -> 0 | AIL3: =FORMULAIRE!E648 -> 0 | AIM3: =FORMULAIRE!E649 -> 0 | AIN3: =FORMULAIRE!E650 -> 0 | AIO3: =FORMULAIRE!E651 -> 0 | AIP3: =FORMULAIRE!E652 -> 0 | AIQ3: =FORMULAIRE!E653 -> 0 | AIR3: =FORMULAIRE!E654 -> 0 | AIS3: =FORMULAIRE!C656 -> 0 | AIT3: =FORMULAIRE!E656 -> 0 | AIU3: =FORMULAIRE!C657 -> 0 | AIV3: =FORMULAIRE!E657 -> 0 | AIW3: =FORMULAIRE!C658 -> 0 | AIX3: =FORMULAIRE!E658 -> 0 | AIY3: =FORMULAIRE!C659 -> 0 | AIZ3: =FORMULAIRE!E659 -> 0 | AJA3: =FORMULAIRE!C660 -> 0 | AJB3: =FORMULAIRE!E660 -> 0 | AJC3: =FORMULAIRE!E661 -> 0 | AJD3: =FORMULAIRE!E662 -> 0 | AJE3: =FORMULAIRE!E664 -> 0 | AJF3: =FORMULAIRE!E665 -> 0 | AJG3: =FORMULAIRE!C667 -> 0 | AJH3: =FORMULAIRE!E667 -> 0 | AJI3: =FORMULAIRE!C668 -> 0 | AJJ3: =FORMULAIRE!E668 -> 0 | AJK3: =FORMULAIRE!C669 -> 0 | AJL3: =FORMULAIRE!E669 -> 0 | AJM3: =FORMULAIRE!C670 -> 0 | AJN3: =FORMULAIRE!E670 -> 0 | AJO3: =FORMULAIRE!C673 -> 0 | AJP3: =FORMULAIRE!E678 -> 0 | AJQ3: =FORMULAIRE!F678 -> 0 | AJR3: =FORMULAIRE!G678 -> 0 | AJS3: =FORMULAIRE!H678 -> 0 | AJT3: =FORMULAIRE!I678 -> 0 | AJU3: =FORMULAIRE!E679 -> 0 | AJV3: =FORMULAIRE!F679 -> 0 | AJW3: =FORMULAIRE!G679 -> 0 | AJX3: =FORMULAIRE!H679 -> 0 | AJY3: =FORMULAIRE!I679 -> 0 | AJZ3: =FORMULAIRE!G681 -> 0 | AKA3: =FORMULAIRE!G682 -> 0 | AKB3: =FORMULAIRE!C685 -> 0 | AKC3: =FORMULAIRE!C689 -> 0 | AKD3: =FORMULAIRE!C692 -> 0

Sheet TEMP
